 Dungeon Crawl Stone Soup version 0.32-a0-433-g08bcfe7efd (webtiles) character file.

Game seed: 5627863072086296723

901210 Asceticacid the Gnoll Barricade (level 27, -4/175 HPs)
             Began as a Gnoll Berserker on Feb 18, 2024.
             Was the Champion of Makhleb.
             Slain by a shadow (16 damage)
             ... summoned by a mummy priest
             ... on level 2 of the Tomb of the Ancients on Feb 22, 2024.
             The game lasted 05:18:59 (131082 turns).

Asceticacid the Gnoll Barricade (Gnoll Berserker) Turns: 131082, Time: 05:18:59

Health: -4/175     AC: 38    Str: 19      XL:     27
Magic:  0/49       EV: 21    Int:  9      God:    Makhleb [******]
Gold:   6925       SH: 29    Dex: 23 (25) Spells: 56/70 levels left

rFire   + . .        a - +11 Singing Sword {sonic wave}
rCold   + + +        C - +2 tower shield {rN+}
rNeg    + + +        J - +6 plate armour of Courage {rC+ Will+ Str+3}
rPois   ∞            Y - +1 hat
rElec   +            s - scarf {repulsion}
rCorr   +            y - +0 pair of gloves "Obbetuz" {Rampage rN+ Str+2}
SInv    .            q - +3 pair of mountain boots {steadfast, rC+}
Will    ++++.        k - amulet of guardian spirit
Stlth   ++++         z - ring "Gimait" {rElec rCorr Int+3}
HPRegen 0.49/turn    T - ring "Foilono" {rPois rF+ rC+}
MPRegen 0.31/turn

%: repel missiles, guardian spirit, rampage
@: death-form, slowed, studying 2 skills, very slow
A: vile attack, torment immunity, no potions, reduced hp, fangs 1, strong nose,
distributed training, hooves 1, iridescent scales 1, dopey 1, weak 1, heat
vulnerability 1, subdued magic 2, inability to drink after injury 1
}: 9/15 runes: decaying, slimy, silver, abyssal, demonic, glowing, fiery, dark,
gossamer
a: Siphon Essence, Begin Untransformation, Renounce Religion, Minor Destruction,
Lesser Servant of Makhleb, Major Destruction, Greater Servant of Makhleb


You were on level 2 of the Tomb of the Ancients.
You worshipped Makhleb.
Makhleb was exalted by your worship.
You were an undying horror.
You visited 14 branches of the dungeon, and saw 58 of its levels.
You visited Pandemonium 2 times, and saw 7 of its levels.
You visited the Abyss 5 times.
You also visited: Bailey, Gauntlet, Ice Cave and Desolation.

You collected 10502 gold pieces.
You spent 3577 gold pieces at shops.

Inventory:

Hand Weapons
 a - the +11 Singing Sword (weapon) {sonic wave}
   (You found it on level 5 of the Pits of Slime)
 b - the +8 longbow "Zephyr" {speed, Dex+3 SInv}
   (You acquired it on level 3 of the Elven Halls)

   Dex+3:     It affects your dexterity (+3).
   SInv:      It lets you see invisible.
 H - the +5 demon whip "Spellbinder" {antimagic, disrupt, Will+}
   (You took it off a vault guard on level 5 of the Vaults)

   Will+:     It increases your willpower.
Missiles
 o - a throwing net
 V - 10 curare-tipped darts (quivered)
Armour
 e - a +2 pair of boots of flying
 q - the +3 pair of mountain boots (worn) {steadfast, rC+}
   (You found it on level 5 of the Pits of Slime)

   Steadfast: It prevents involuntary movement, except for blinking,
   teleportation, or banishment.
   rC+:       It protects you from cold.
 s - a scarf of repulsion (worn)
 y - the +0 pair of gloves "Obbetuz" (worn) {Rampage rN+ Str+2}
   (You bought it in a shop on level 1 of the Vaults)

   Str+2:     It affects your strength (+2).
   rN+:       It protects you from negative energy.
   Rampage:   It bestows one free step when moving towards enemies.
 B - the orb "Buq Leyh" {*channel, rElec rC- Str+3 Dex+3}
   (You took it off Frederick on level 3 of the Crypt)

   Str+3:     It affects your strength (+3).
   Dex+3:     It affects your dexterity (+3).
   rC-:       It makes you vulnerable to cold.
   rElec:     It insulates you from electricity.
 C - a +2 tower shield of positive energy (worn)
 J - the +6 plate armour of Courage (worn) {rC+ Will+ Str+3}
   (You found it on level 5 of the Vaults)

   Str+3:     It affects your strength (+3).
   rC+:       It protects you from cold.
   Will+:     It increases your willpower.
 Y - a +1 hat (worn)
Jewellery
 k - an amulet of guardian spirit (around neck)
 z - the ring "Gimait" (left hand) {rElec rCorr Int+3}
   (You bought it in a shop on level 12 of the Dungeon)

   [ring of resist corrosion]

   Int+3:     It affects your intelligence (+3).
   rElec:     It insulates you from electricity.
   rCorr:     It protects you from acid and corrosion.
 E - the ring of Seri {rElec rPois rF++ rCorr Int-5}
   (You took it off an efreet in Pandemonium)

   [ring of poison resistance]

   Int-5:     It affects your intelligence (-5).
   rF++:      It greatly protects you from fire.
   rElec:     It insulates you from electricity.
   rPois:     It protects you from poison rCorr: It protects you from acid and
   corrosion.
 T - the ring "Foilono" (right hand) {rPois rF+ rC+}
   (You found it in a Gauntlet)

   [ring of poison resistance]

   rF+:       It protects you from fire.
   rC+:       It protects you from cold.
   rPois:     It protects you from poison
Talismans
 W - the death talisman of the Harvest (active) {rF+}
   (You found it on level 5 of the Vaults)

   [talisman of death]

   rF+:       It protects you from fire.
Wands
 c - a wand of digging (15)
 p - a wand of mindburst (41)
 t - a wand of polymorph (62)
 w - a wand of acid (41)
 D - a wand of charming (60)
 G - a wand of roots (79)
Scrolls
 d - 9 scrolls of enchant armour
 f - 2 scrolls of fear
 h - 9 scrolls of teleportation
 m - 6 scrolls of poison
 n - 5 scrolls of silence
 r - 11 scrolls of fog
 P - 12 scrolls of revelation
 R - 6 scrolls of brand weapon
 U - 7 scrolls of enchant weapon
Potions
 g - 24 potions of curing
 i - 2 potions of mutation
 l - 4 potions of invisibility
 u - 4 potions of berserk rage
 v - 11 potions of might
 x - 7 potions of heal wounds
 A - 9 potions of haste
 F - 7 potions of resistance
 L - 5 potions of cancellation
 N - 3 potions of magic
 O - 5 potions of enlightenment
Miscellaneous
 j - a phial of floods
 I - a phantom mirror
 K - a tin of tremorstones (2/2)
 M - a box of beasts
 S - a lightning rod (4/4)
 Z - the horn of Geryon (inert)


   Skills:
 + Level 22.9 Fighting
 + Level 22.1 Short Blades
 + Level 22.1 Long Blades
 + Level 22.1 Axes
 + Level 22.9 Maces & Flails
 + Level 22.1 Polearms
 + Level 22.1 Staves
 + Level 22.1 Ranged Weapons
 + Level 22.1 Throwing
 + Level 26.2 Armour
 + Level 22.5 Dodging
 + Level 22.1 Stealth
 O Level 27 Shields
 + Level 22.1 Unarmed Combat
 + Level 22.1 Spellcasting
 + Level 19.0 Conjurations
 + Level 19.0 Hexes
 + Level 19.0 Summonings
 + Level 19.0 Necromancy
 + Level 19.0 Translocations
 + Level 19.0 Fire Magic
 + Level 19.0 Ice Magic
 + Level 19.0 Air Magic
 + Level 19.0 Earth Magic
 + Level 19.0 Alchemy
 + Level 23.9 Invocations
 + Level 22.1 Evocations
 + Level 20.5 Shapeshifting


You had 56 spell levels left.
You knew the following spells:

 Your Spells              Type           Power      Damage    Failure   Level
a - Blink                 Tloc           54%        N/A       0%          2
b - Ozocubu's Armour      Ice            27%        N/A       0%          3
c - Passage of Golubria   Tloc           27%        N/A       1%          4
d - Yara's Violent Unrav  Hex/Alch       13%        3d7       1%          5

Your spell library contained the following spells:

 Spells                   Type           Power      Damage    Failure   Level
 Apportation              Tloc           54%        N/A       0%          1
 Magic Dart               Conj           100%       1d8       0%          1
 Necrotise                Necr           100%       1d9       0%          1
 Shock                    Conj/Air       100%       1d9       0%          1
 Sting                    Conj/Alch      100%       1d9       0%          1
 Summon Small Mammal      Summ           100%       N/A       0%          1
 Ensorcelled Hibernation  Hex/Ice        54%        N/A       0%          2
 Lesser Beckoning         Tloc           54%        N/A       0%          2
 Mercury Vapours          Alch/Air       54%        N/A       0%          2
 Momentum Strike          Conj/Tloc      54%        3d9       0%          2
 Static Discharge         Conj/Air       54%        3-6/arc   0%          2
 Sublimation of Blood     Necr           27%        N/A       0%          2
 Call Canine Familiar     Summ           27%        N/A       0%          3
 Dazzling Flash           Conj/Hex       54%        N/A       0%          3
 Frozen Ramparts          Ice            54%        1d9       0%          3
 Gell's Gravitas          Tloc           27%        N/A       0%          3
 Passwall                 Erth           27%        N/A       0%          3
 Sigil of Binding         Hex            27%        N/A       0%          3
 Swiftness                Air            27%        N/A       0%          3
 Teleport Other           Tloc           27%        N/A       0%          3
 Tukima's Dance           Hex            27%        N/A       0%          3
 Vampiric Draining        Necr           27%        2d7       0%          3
 Volatile Blastmotes      Fire/Tloc      54%        2d14      0%          3
 Airstrike                Air            13%        2d(2-18)  1%          4
 Animate Dead             Necr           27%        N/A       1%          4
 Dimensional Bullseye     Hex/Tloc       13%        N/A       1%          4
 Iskenderun's Mystic Bla  Conj/Tloc      27%        2d7       1%          4
 Martyr's Knell           Necr/Summ      27%        N/A       1%          4
 Olgreb's Toxic Radiance  Alch           27%        N/A       1%          4
 Petrify                  Alch/Erth      27%        N/A       1%          4
 Alistair's Intoxication  Alch           18%        N/A       1%          5
 Borgnjor's Vile Clutch   Necr/Erth      13%        N/A       1%          5
 Curse of Agony           Necr           27%        N/A       1%          5
 Freezing Cloud           Conj/Ice/Air   13%        6-21      1%          5
 Irradiate                Conj/Alch      13%        3d16      1%          5
 Iskenderun's Battlesphe  Conj           27%        2d8       1%          5
 Summon Forest            Summ/Tloc      13%        N/A       1%          5
 Bombard                  Conj/Erth      13%        9d3       1%          6
 Eringya's Noxious Bog    Alch           13%        4d6       1%          6
 Sculpt Simulacrum        Ice/Alch       13%        N/A       1%          6
 Starburst                Conj/Fire      13%        6d6       1%          6
 Haunt                    Necr/Summ      13%        N/A       4%          7
 Orb of Destruction       Conj           13%        9d7       4%          7
 Ozocubu's Refrigeration  Ice            13%        4d10      4%          7
 Spellforged Servitor     Conj/Summ      13%        N/A       4%          7
 Summon Hydra             Summ           13%        N/A       4%          7
 Borgnjor's Revivificati  Necr           13%        N/A       41%         8
 Discord                  Hex            13%        N/A       41%         8
 Infestation              Necr           13%        N/A       41%         8
 Maxwell's Capacitive Co  Air            13%        ∞         41%         8
 Death's Door             Necr           13%        N/A       100%        9
 Fire Storm               Conj/Fire      13%        8d4       100%        9
 Polar Vortex             Ice            13%        12d1*     100%        9


Dungeon Overview and Level Annotations

Branches:
Dungeon (15/15)            Temple (1/1) D:4            Lair (5/5) D:11
  Swamp (4/4) Lair:3       Spider (4/4) Lair:2        Slime (5/5) Lair:4
    Orc (2/2) D:12            Elf (3/3) Orc:2        Vaults (5/5) D:13
  Crypt (3/3) Vaults:2       Tomb (2/3) Crypt:3      Depths (4/4) D:15
   Hell (visited)             Dis (0/7) Hell            Geh (0/7) Hell
    Coc (0/7) Hell            Tar (0/7) Hell            Zot (4/5) Depths:4
 Bailey (visited)           IceCv (visited)         Desolation (visited)
Gauntlet (visited)

Altars:
Ashenzari
Cheibriados
Dithmenos
Elyvilon
Fedhas
Gozag
Hepliaklqana
Kikubaaqudgha
Makhleb
Nemelex Xobeh
Okawaru
Qazlal
Ru
Sif Muna
Trog
Uskayaw
Vehumet
Wu Jian
Xom
Yredelemnul
Zin
The Shining One
Beogh
Jiyva

Shops:
D:2 *   D:7 ::*[   D:12 =   D:15 [   Orc:2 *?!   Elf:1 !   Elf:2 *?[
Vaults:1 *   Vaults:2 (   Vaults:3 *   Vaults:4 :

Portals:
Hell: Depths:1 Depths:2 Depths:3 Depths:4
Abyss: Depths:3
Pandemonium: Depths:2 Depths:3
Ziggurat: Depths:2

Annotations:
Lair:3 Nergalle


Innate Abilities, Weirdness & Mutations

You are an undying horror.
Your melee and unarmed attacks drain, slow and weaken victims.
You are immune to unholy pain and torment.
You cannot drink.
Your maximum health is decreased, since you lack skill for your form.
You are immune to poison.
You have very sharp teeth.
Your uncanny sense of smell can sniff out nearby items.
Your experience applies equally to all skills.
You have large cloven feet.
You are partially covered in iridescent scales. (AC +2)
You are dopey. (Int -2)
You are weak. (Str -2)
You are vulnerable to heat. (rF-)
Your spells are easier to cast, but less powerful.
You occasionally lose the ability to drink potions when taking damage.


Message History

Unknown command.
Unknown command.
Okay, then.
Cast which spell? (? or * to list)
Okay, then.
Unknown command.
Cast which spell? (? or * to list)
Okay, then.
Cast which spell? (? or * to list)
Aiming: Passage of Golubria (safe; 1% risk of failure)
Press: ? - help, Dir - move target The ushabti shakes and rattles deafeningly!
The shadow strikes at you from the darkness!
You hear a faint skittering sound. x5
Press: ? - help, v - describe, . - travel A passage of Golubria.
Unknown command.
Aiming: Fastroot
Press: ? - help, Shift-Dir - straight line The roots erupt in riotous growth!
You hear a faint skittering sound. x5
A death scarab comes into view.
Your hell beast bites the mummy.
Your hell beast tramples the mummy.
The mummy stumbles backwards!
The shadow strikes at you from the darkness!
The death scarab bites your hell beast!!
The death scarab drains your hell beast's vigour!
Your hell beast seems to slow down.
The mummy misses your hell beast.
You hear a faint skittering sound. x3
You hear a faint skittering sound.
The death scarab barely misses your hell beast.
Your hell beast bites the death scarab!
Your hell beast tramples the death scarab!
The death scarab holds its ground!
Your hell beast misses the death scarab.
Your hell beast tramples the death scarab.
The death scarab stumbles backwards!
The shadow strikes at you from the darkness!
You die...

*******************************
,,,,,,>*,,,,,^*^,,,,,,,*,,,,^,*
,,,,^,,*,,,,,,+^,,,,,,,*,^,^,,*
,,,,,,^*.,,,,,*,,,,,,,,+,,,,,,*
,,,,,,^*^.,,,,*,,,^,∆,,*^,,,,,*
,*******##M#############*^,,,,*
,*,,,,,,.B2.^...........*******
,*,,,,,,..222........^..*,,,,,*
**,,,,,,......†.z[......*,,,,,*
,*,,,,...........^......*,,,,,*
,*,,,,..................*,,,,,*
,*,,,,.....^............*,,,,,*
,*,,*...............#...#..,,,*
,*,,*......###.M....#...#..,,,*
,*,,*.....#..^#.?.9.#...'.,,,,*
,*,^*....#.....#....#...#******
,*,,,#.)#....M..#..#....#,,,,^*


You could see a mummy priest, an ushabti, a death scarab (ally target), a mummy
(ally target) and 4 friendly hell beasts.

Vanquished Creatures
  Cerebov (Pan)
  the Royal Jelly (Slime:5)
  Gloorx Vloq (Pan)
  Mnoleg (Pan)
  Frederick (Crypt:3)
  4 dread liches
  Xtahua (Crypt:3)
  4 royal mummies
  The ghost of Uroast the Impregnable, a veteran MiGl of Hepliaklqana (Crypt:2)
  4 Killer Klowns
  3 curse toes (Zot:4)
  Geryon (Hell)
  Margery (Vaults:3)
  13 golden dragons
  A caustic shrike (Depths:3)
  10 bone dragons
  2 profane servitors (Abyss:3)
  A pandemonium lord (Pan)
  2 Brimstone Fiends (Pan)
  Zenata (Vaults:4)
  4 hellephants
  Mlioglotl (Spider:1)
  22 tentacled monstrosities
  5 electric golems
  Asterion (Spider:1)
  3 walking earthen tomes
  A deep elf master archer (Elf:3)
  8 liches
  6 quicksilver dragons
  4 deep elf blademasters (Elf:3)
  15 sphinxes
  3 titans (Vaults:5)
  18 tentacled starspawn
  An eldritch tentacle (Pan)
  7 death cobs
  59 Executioners
  6 ancient champions
  18 acid blobs
  12 shadow dragons
  10 azure jellies
  4 revenants
  6 draconian monks
  6 demonspawn warmongers (Pan)
  15 storm dragons
  9 tengu reavers
  9 protean progenitors
  A daeva (Abyss:3)
  5 rockslimes
  6 fenstrider witches
  A draconian knight (Depths:4)
  6 fire giants
  5 frost giants
  24 balrugs
  5 ghost moths
  5 draconian shifters
  5 draconian scorchers
  The ghost of Atupnera the Unseen, an adept OpDe of Gozag (Elf:3)
  6 emperor scorpions
  2 deep elf elementalists (Elf:3)
  4 deep elf sorcerers (Elf:3)
  6 draconian stormcallers
  4 ghouls (Crypt:3)
  4 iron dragons
  4 curse skulls
  13 vault wardens
  50 reapers
  Louise (Spider:3)
  6 demonspawn corrupters (Pan)
  An orc warlord (D:13)
  15 quicksilver oozes
  22 ironbound preservers
  29 cacodemons
  3 formless jellyfish
  2 spriggan defenders
  4 angels
  13 caustic shrike skeletons (Pan)
  A demonspawn blood saint (Pan)
  13 very ugly things
  5 draconian annihilators
  7 juggernaut skeletons (Pan)
  3 broodmothers
  27 stone giants
  9 green draconians
  7 ironbound thunderhulks
  Nessos (D:14)
  18 vampire knights
  4 eleionomae
  5 demonspawn black suns
  A deep elf demonologist (Elf:3)
  2 lorocyprocas
  9 deep elf death magi
  7 spark wasps
  A wendigo (Hell)
  6 war gargoyles
  8 red draconians
  8 deep elf annihilators
  2 bennus (Tomb:1)
  12 yellow draconians
  10 black draconians
  7 white draconians
  3 dire elephants
  Azrael (Spider:1)
  A minotaur (Gauntlet)
  5 purple draconians
  4 bunyips
  67 starcursed masses
  5 blizzard demons
  5 eidola
  A quicksilver dragon zombie (Crypt:3)
  12 ettins
  5 green deaths
  7 deep elf high priests
  A crystal guardian (Abyss:1)
  4 mummy priests
  4 jiangshi
  13 fire dragons
  A ragged hierophant (Desolation)
  A merfolk impaler (Depths:2)
  Josephine (D:13)
  A spriggan zombie (Crypt:1)
  5 entropy weavers
  12 yaktaur captains
  2 shambling mangroves (Swamp:4)
  12 great orbs of eyes
  Fannar (Orc:1)
  11 hydras
  7 ice dragons
  3 ghost crabs
  3 salamander tyrants (Depths:2)
  A fenstrider witch zombie (Crypt:1)
  5 spriggan air magi
  5 ironbound frosthearts
  A spriggan skeleton (Crypt:1)
  33 vault guards
  4 catoblepae
  8 ogre magi
  2 hell beasts
  9 rakshasas
  2 quicksilver dragon skeletons
  15 centaur warriors
  A caustic shrike simulacrum (Abyss:3)
  A servant of whispers (Desolation)
  2 radroaches
  4 satyrs
  5 death knights
  Erica (D:8)
  10 alligators
  5 boulder beetles
  36 dancing weapons
  10 two-headed ogres
  6 tengu warriors
  8 deep troll shamans
  A shock serpent (shapeshifter) (Zot:2)
  15 deep troll earth magi
  8 demonic crawlers
  4 occultists
  10 death scarabs (Tomb:2)
  8 hell hogs
  Urug (Lair:1)
  10 spriggan berserkers
  8 vampire magi
  18 thrashing horrors
  A titan zombie (Crypt:3)
  Sonja (Lair:4)
  3 orc high priests (Orc:2)
  28 hell knights
  37 soul eaters
  51 sun demons
  8 shadow wraiths
  17 hellephant skeletons (Pan)
  A death drake (Swamp:4)
  A titan skeleton (Crypt:3)
  20 deep elf knights
  43 skeletal warriors
  2 skysharks
  A skyshark (shapeshifter) (Vaults:5)
  15 wretched stars
  13 iron trolls
  2 bunyip zombies
  3 pharaoh ants
  6 spriggan druids
  A sea snake (shapeshifter) (Depths:2)
  26 sixfirhies
  An iron giant zombie (Crypt:3)
  A golden dragon zombie (Crypt:2)
  6 arcanists
  15 shadow demons (Pan)
  10 orb spiders
  A mana viper (Abyss:1)
  72 deep trolls
  4 goliath frogs
  12 sun moths
  8 bog bodies
  7 glowing orange brains
  18 ironbound convokers
  5 swamp dragons
  16 deep elf archers
  10 flayed ghosts
  An obsidian statue (Tomb:1)
  A steelbarb worm (shapeshifter) (Vaults:4)
  A bunyip skeleton (Crypt:1)
  31 deep elf zephyrmancers
  A spriggan simulacrum (Hell)
  6 lindwurms
  Pikel (D:5)
  A shadow dragon skeleton (Crypt:1)
  24 deep elf pyromancers
  5 necromancers
  10 orc knights
  7 steelbarb worms
  5 harpies
  26 phantasmal warriors
  5 orc sorcerers
  27 cyclopes
  14 wolf spiders
  5 will-o-the-wisps
  16 moths of wrath
  7 shining eyes
  78 large abominations
  11 worldbinders
  3 manticores
  A meliai (shapeshifter) (Abyss:3)
  3 centaur zombies
  An alligator skeleton (Crypt:3)
  A manticore (shapeshifter) (Depths:4)
  25 ugly things
  13 vault sentinels
  3 kobold blastminers
  2 black mambas (shapeshifter)
  3 meliai
  2 molten gargoyles (Lair:5)
  2 ice statues (IceCv)
  A guardian serpent (Abyss:3)
  7 elephants (Lair:4)
  Joseph (D:8)
  A cane toad (shapeshifter) (Zot:2)
  9 black mambas
  2 apocalypse crabs
  2 rust devils (Abyss:1)
  7 eyes of devastation
  28 smoke demons
  2 centaur skeletons (Tomb:1)
  3 torpor snails
  16 cane toads
  A gargoyle (D:13)
  A pale draconian zombie (Crypt:2)
  6 kobold demonologists
  38 orange demons
  5 hellions
  4 ice devils (IceCv)
  5 komodo dragons
  13 efreet
  4 unseen horrors
  28 yaktaurs
  8 rime drakes
  6 freezing wraiths
  A steelbarb worm zombie (Crypt:2)
  An anaconda simulacrum (IceCv)
  2 catoblepas skeletons
  Psyche (D:8)
  18 ancient zymes
  7 red devils
  A tormentor (Depths:2)
  20 guardian mummies
  2 harpy zombies
  6 tengu conjurers
  A death drake zombie (Crypt:3)
  10 hellwings
  10 polar bears
  14 trolls
  A merfolk (shapeshifter) (Vaults:5)
  Grinder (D:3)
  4 bloated husks
  9 tyrant leeches
  4 saltlings
  A harpy skeleton (Tomb:1)
  21 hornets
  An ettin zombie (Crypt:3)
  24 tarantellas
  A hydra skeleton (Abyss:1)
  A glass eye (shapeshifter) (Vaults:5)
  11 glass eyes
  52 raiju
  5 dream sheep (Lair:5)
  24 blink frogs
  A guardian serpent zombie (Crypt:1)
  A raiju (shapeshifter) (D:15)
  2 air elementals
  19 jumping spiders
  92 slime creatures
  A jumping spider (shapeshifter) (Depths:4)
  A stone giant simulacrum (Tomb:2)
  A black mamba zombie (Crypt:3)
  20 spriggans
  Sigmund (D:3)
  4 shadows
  5 centaur simulacra
  An ettin skeleton (Crypt:1)
  A satyr skeleton (Crypt:2)
  5 ushabtiu
  10 culicivoras
  12 water elementals
  36 yaks
  2 vampires
  30 ynoxinuls
  4 dire elephant simulacra
  2 fire elementals
  2 fire bats (Abyss:1)
  23 wraiths
  6 wyverns
  Eustachio (D:4)
  2 wargs
  32 redbacks
  18 golden eyes
  10 vampire mosquitoes
  8 steam dragons
  29 neqoxecs
  Grum (D:9)
  10 basilisks
  A two-headed ogre zombie (Crypt:2)
  28 chaos spawn
  4 harpy simulacra
  12 swamp worms
  Edmund (D:4)
  A swamp worm (shapeshifter) (Vaults:5)
  An acid dragon (D:12)
  2 cane toad zombies
  16 water moccasins
  20 hell hounds
  4 hydra simulacra (IceCv)
  A naga skeleton (Tomb:2)
  16 orc warriors
  A meliai simulacrum (D:14)
  8 black bears
  A black bear (shapeshifter) (D:14)
  An ice beast (D:12)
  A lindwurm zombie (Crypt:3)
  11 ogres
  2 sky beasts
  81 laughing skulls
  4 swamp drakes
  11 boggarts
  20 wolves
  9 centaurs
  A centaur (shapeshifter) (Depths:3)
  2 lemures (D:5)
  2 phantoms
  A yaktaur zombie (Crypt:2)
  7 kobold brigands
  A komodo dragon zombie (Crypt:2)
  20 weeping skulls
  6 brain worms
  A draconian zombie (Crypt:2)
  10 bullfrogs
  A salamander zombie (Crypt:3)
  13 scorpions
  52 small abominations
  A cane toad simulacrum (IceCv)
  A gnoll sergeant (D:9)
  An elf skeleton (Crypt:2)
  A yaktaur skeleton (Crypt:1)
  4 earth elementals
  16 wights
  An elephant simulacrum (IceCv)
  3 howler monkeys (D:10)
  8 electric eels
  A troll skeleton (Crypt:1)
  A bombardier beetle (D:5)
  6 crimson imps
  2 jellies
  4 quasits
  5 lava snakes (Lair:5)
  6 hounds
  16 orc priests
  10 iron imps
  2 sleepcaps
  2 human skeletons (Crypt:1)
  Ijyb (D:3)
  A black bear skeleton (Crypt:1)
  21 orc wizards
  5 iguanas
  2 troll simulacra (IceCv)
  A wolf simulacrum (IceCv)
  A deep dwarf zombie (Crypt:3)
  An acid dragon skeleton (Crypt:3)
  An ogre zombie (Crypt:3)
  A boggart simulacrum (D:12)
  15 mummies
  8 adders
  25 gnolls
  10 shadow imps
  13 white imps
  8 ufetubi
  A lava snake skeleton (Crypt:3)
  2 dart slugs
  3 ribbon worms
  58 orcs
  8 ball pythons
  6 endoplasms
  2 giant cockroaches
  7 goblins
  12 hobgoblins
  38 kobolds
  A quokka (D:1)
  9 bats
  2 frilled lizards
  13 rats
  A butterfly (Zot:2)
  A creeping inferno (Hell)
  6 fire vortices
  2 lurking horrors (Abyss:3)
  16 starspawn tentacles
3608 creatures vanquished.

Vanquished Creatures (collateral kills)
  Bai Suzhen (Vaults:2)
  A golden dragon (Depths:4)
  2 tentacled monstrosities
  An acid blob (Slime:4)
  A draconian scorcher (Zot:4)
  A draconian shifter (Depths:4)
  2 angels (Zot:2)
  2 cacodemons (Pan)
  A stone giant (Abyss:3)
  An ironbound thunderhulk (Vaults:2)
  A deep elf death mage (Vaults:1)
  A reaper (Gauntlet)
  2 red draconians
  2 spark wasps (Depths:1)
  An ettin (Pan)
  2 vault guards (Vaults:4)
  A peacekeeper (D:13)
  A centaur warrior (Vaults:1)
  A spriggan air mage (Depths:3)
  2 dancing weapons (Elf:1)
  A death scarab (Tomb:2)
  A deep troll shaman (Depths:3)
  A hell knight (Vaults:3)
  An iron troll (Depths:4)
  A sixfirhy (Pan)
  A spriggan druid (Lair:3)
  A deep elf pyromancer (Elf:1)
  2 harpies (Vaults:2)
  A deep elf zephyrmancer (Elf:1)
  2 cyclopes (Abyss:3)
  A meliai (D:14)
  2 vault sentinels (Vaults:1)
  6 slime creatures
  An orange demon (Pan)
  2 gargoyles (Gauntlet)
  A komodo dragon (Lair:5)
  A yaktaur (Vaults:4)
  2 polar bears (Abyss:3)
  4 hornets
  A saltling (D:13)
  5 dream sheep (Lair:5)
  A spriggan (Depths:3)
  A neqoxec (Pan)
  A water moccasin (Lair:5)
  2 black bears
70 creatures vanquished.

Vanquished Creatures (others)
  A bone dragon (Abyss:3)
  An eldritch tentacle (Pan)
  2 fire giants
  A ghost moth (Zot:4)
  A vault warden (Vaults:1)
  A stone giant (Abyss:1)
  6 death scarabs (Tomb:2)
  2 deep elf knights
  A sixfirhy (Swamp:4)
  2 skeletal warriors (Tomb:2)
  A deep troll (Vaults:4)
  A deep elf zephyrmancer (Elf:2)
  2 deep elf pyromancers
  2 large abominations
  A yaktaur (Vaults:3)
  A kobold demonologist (Abyss:3)
  3 guardian mummies (Tomb:2)
  A bunyip simulacrum (Tomb:2)
  A bloated husk (Swamp:1)
  A hornet (Depths:2)
  A raiju (Abyss:3)
  A slime creature (Slime:5)
  A spriggan (Swamp:2)
  A ynoxinul (Pan)
  A water elemental (Elf:1)
  A fire bat (Abyss:1)
  A golden eye (Abyss:3)
  A chaos spawn (Pan)
  A neqoxec (Pan)
  A sky beast (D:8)
  4 small abominations (Abyss:1)
  An electric eel (D:11)
  A jelly (Abyss:1)
  An orc priest (Orc:2)
  2 mummies (Tomb:2)
  3 kobolds (D:8)
  A fire vortex (Hell)
  27 foxfires
  27 starspawn tentacles
109 creatures vanquished.

Grand Total: 3787 creatures vanquished

Notes
Turn   | Place    | Note
-------+----------+-------------------------------------------
     0 | D:1      | Asceticacid the Gnoll Berserker began the quest for the
                  | Orb.
     0 | D:1      | Reached XP level 1. HP: 23/23 MP: 1/1
    74 | D:1      | Found a faded altar of an unknown god.
   131 | D:1      | Reached XP level 2. HP: 21/29 MP: 2/2
   508 | D:1      | Reached XP level 3. HP: 34/35 MP: 3/3
   742 | D:1      | Reached skill level 1 in Invocations
   751 | D:1      | Reached ** piety under Trog
   996 | D:2      | Reached skill level 1 in Short Blades
   996 | D:2      | Reached skill level 1 in Long Blades
   996 | D:2      | Reached skill level 1 in Axes
   996 | D:2      | Reached skill level 1 in Polearms
   996 | D:2      | Reached skill level 1 in Staves
   996 | D:2      | Reached skill level 1 in Ranged Weapons
   996 | D:2      | Reached skill level 1 in Throwing
   996 | D:2      | Reached skill level 1 in Stealth
   996 | D:2      | Reached skill level 1 in Shields
   996 | D:2      | Reached skill level 1 in Unarmed Combat
   996 | D:2      | Reached skill level 1 in Spellcasting
   996 | D:2      | Reached skill level 1 in Evocations
  1048 | D:2      | You fall into a shaft and drop 1 floor!
  1125 | D:3      | Reached skill level 1 in Shapeshifting
  1125 | D:3      | Reached XP level 4. HP: 41/41 MP: 5/5
  1152 | D:2      | Reached skill level 1 in Conjurations
  1152 | D:2      | Reached skill level 1 in Hexes
  1152 | D:2      | Reached skill level 1 in Summonings
  1152 | D:2      | Reached skill level 1 in Necromancy
  1152 | D:2      | Reached skill level 1 in Translocations
  1152 | D:2      | Reached skill level 1 in Fire Magic
  1152 | D:2      | Reached skill level 1 in Ice Magic
  1152 | D:2      | Reached skill level 1 in Air Magic
  1152 | D:2      | Reached skill level 1 in Earth Magic
  1152 | D:2      | Reached skill level 1 in Alchemy
  1241 | D:2      | Identified the +4 dagger of Calculation {pain, rN+++ Will-
                  | rCorr Dex-5}
  1390 | D:2      | Found a glowing silver altar of Zin.
  1416 | D:2      | Found Erexedon's General Store.
  1425 | D:2      | Bought a scroll of fear for 40 gold pieces
  1425 | D:2      | Bought a potion of curing for 30 gold pieces
  1474 | D:2      | Reached XP level 5. HP: 42/47 MP: 5/7
  1918 | D:3      | Found the +1 Delatra's gloves {ID++}
  2081 | D:3      | Found a shadowy altar of Dithmenos.
  2216 | D:3      | Noticed Sigmund
  2221 | D:3      | Killed Sigmund
  2222 | D:3      | Reached skill level 5 in Armour
  2222 | D:3      | Reached skill level 5 in Dodging
  2222 | D:3      | Reached skill level 2 in Shields
  2222 | D:3      | Reached XP level 6. HP: 53/53 MP: 5/9
  2251 | D:3      | Noticed Grinder
  2267 | D:3      | Killed Grinder
  2268 | D:3      | Reached XP level 7. HP: 60/60 MP: 6/10
  2285 | D:3      | Identified the +1 scale mail "Kipnanwi" {rPois Str+3}
  2574 | D:3      | Noticed Ijyb
  2583 | D:3      | Killed Ijyb
  2745 | D:3      | Found a shimmering altar of Xom.
  2745 | D:3      | Found a radiant altar of Vehumet.
  2750 | D:3      | Found a bloodstained altar of Trog.
  2854 | D:4      | Noticed Edmund
  2861 | D:4      | Killed Edmund
  2895 | D:4      | Noticed Eustachio
  2919 | D:4      | Killed Eustachio
  2920 | D:4      | Reached skill level 3 in Shields
  2920 | D:4      | Reached XP level 8. HP: 67/67 MP: 12/12
  2959 | D:4      | Identified the +3 hand axe of Zealous Prudence {holy, rC+}
  3119 | D:4      | Found a broken altar of Ashenzari.
  3183 | D:4      | Found a staircase to the Ecumenical Temple.
  3381 | D:5      | Entered Level 5 of the Dungeon
  3515 | D:5      | Found a hide-covered altar of Uskayaw.
  3729 | D:5      | Found a stormy altar of Qazlal.
  3818 | D:5      | Noticed Pikel
  3840 | D:5      | Killed Pikel
  3841 | D:5      | Reached skill level 4 in Shields
  3841 | D:5      | Reached XP level 9. HP: 74/74 MP: 12/15
  3974 | D:6      | Found an iron altar of Okawaru.
  4062 | D:6      | Reached *** piety under Trog
  5242 | D:7      | Found Dezouzunus's Book Shoppe.
  5253 | D:7      | Reached skill level 5 in Invocations
  5298 | D:7      | Found Atokituo's Book Shop.
  5402 | D:2      | Bought a +1 pair of boots of flying for 165 gold pieces
  5612 | D:7      | Found Xavataoc's General Store.
  5616 | D:7      | Found Nauner's Antique Armour Shoppe.
  6541 | D:8      | Reached skill level 5 in Short Blades
  6541 | D:8      | Reached skill level 5 in Long Blades
  6541 | D:8      | Reached skill level 5 in Axes
  6541 | D:8      | Reached skill level 5 in Polearms
  6541 | D:8      | Reached skill level 5 in Staves
  6541 | D:8      | Reached skill level 5 in Ranged Weapons
  6541 | D:8      | Reached skill level 5 in Throwing
  6541 | D:8      | Reached skill level 5 in Stealth
  6541 | D:8      | Reached skill level 5 in Shields
  6541 | D:8      | Reached skill level 5 in Unarmed Combat
  6541 | D:8      | Reached skill level 5 in Spellcasting
  6541 | D:8      | Reached skill level 5 in Evocations
  6551 | D:8      | Reached XP level 10. HP: 81/81 MP: 17/17
  6572 | D:8      | Noticed Erica
  6846 | D:8      | Noticed Psyche
  6874 | D:8      | Killed Psyche
  6933 | D:8      | Noticed Joseph
  7037 | D:8      | Killed Erica
  7038 | D:8      | Reached skill level 5 in Shapeshifting
  7247 | D:8      | Killed Joseph
  7507 | D:8      | Killed an unseen horror
  7968 | D:9      | Reached skill level 6 in Shields
  7970 | D:9      | Reached skill level 5 in Conjurations
  7970 | D:9      | Reached skill level 5 in Hexes
  7970 | D:9      | Reached skill level 5 in Summonings
  7970 | D:9      | Reached skill level 5 in Necromancy
  7970 | D:9      | Reached skill level 5 in Translocations
  7970 | D:9      | Reached skill level 5 in Fire Magic
  7970 | D:9      | Reached skill level 5 in Ice Magic
  7970 | D:9      | Reached skill level 5 in Air Magic
  7970 | D:9      | Reached skill level 5 in Earth Magic
  7970 | D:9      | Reached skill level 5 in Alchemy
  7970 | D:9      | Reached XP level 11. HP: 89/89 MP: 15/20
  8095 | D:9      | Reached **** piety under Trog
  8687 | D:9      | Noticed Grum
  8712 | D:9      | Killed Grum
  9082 | D:10     | Entered Level 10 of the Dungeon
  9162 | D:10     | Found a flagged portal.
  9317 | Bailey   | Entered a bailey
 10011 | D:10     | Found a glowing silver altar of Zin.
 10644 | D:11     | Found a gate leading to a gauntlet.
 10644 | D:11     | Noticed a two-headed ogre
 10652 | D:11     | Killed a two-headed ogre
 10718 | Gauntlet | Entered a Gauntlet
 10718 | Gauntlet | Noticed a catoblepas
 10718 | Gauntlet | Found a transporter.
 10718 | Gauntlet | Found a transporter.
 10718 | Gauntlet | Found a transporter.
 10722 | Gauntlet | Found a transporter.
 10722 | Gauntlet | Found a transporter.
 10732 | Gauntlet | Noticed a ghost crab
 10735 | Gauntlet | Noticed a large abomination
 10736 | Gauntlet | Found a transporter.
 10740 | Gauntlet | Found a transporter.
 10741 | Gauntlet | Noticed an oklob plant
 10752 | Gauntlet | Found a transporter.
 10754 | Gauntlet | Found a transporter.
 10756 | Gauntlet | Found a large runed translucent door.
 10757 | Gauntlet | Found a large runed translucent door.
 10758 | Gauntlet | Found a large runed translucent door.
 10758 | Gauntlet | Found a large runed translucent door.
 10758 | Gauntlet | Found a runed translucent door.
 10758 | Gauntlet | Found a runed translucent door.
 10759 | Gauntlet | Found a large runed translucent door.
 10759 | Gauntlet | Found a large runed translucent door.
 10759 | Gauntlet | Found a large runed translucent door.
 10759 | Gauntlet | Found a large runed translucent door.
 10760 | Gauntlet | Found a large runed translucent door.
 10761 | Gauntlet | Found a large runed translucent door.
 10762 | Gauntlet | Found a large runed translucent door.
 10762 | Gauntlet | Found a large runed translucent door.
 10763 | Gauntlet | Found a large runed translucent door.
 10763 | Gauntlet | Found a large runed translucent door.
 10764 | Gauntlet | Found a runed translucent gate.
 10764 | Gauntlet | Found a runed translucent gate.
 10764 | Gauntlet | Found a runed translucent gate.
 10765 | Gauntlet | Found a transporter.
 10767 | Gauntlet | Noticed a large abomination
 10767 | Gauntlet | Noticed a reaper
 10775 | Gauntlet | Noticed a moth of wrath
 10776 | Gauntlet | Found a transporter.
 10776 | Gauntlet | Found a transporter.
 10799 | Gauntlet | Found a large runed translucent door.
 10800 | Gauntlet | Found a large runed translucent door.
 10952 | Gauntlet | Killed a catoblepas
 10953 | Gauntlet | Reached skill level 7 in Shields
 10969 | Gauntlet | Reached XP level 12. HP: 36/97 MP: 6/22
 11213 | Gauntlet | Identified the ring "Foilono" {rPois rF+ rC+}
 11314 | Gauntlet | Killed a reaper
 11369 | Gauntlet | Noticed a minotaur
 11390 | Gauntlet | Killed a minotaur
 11391 | Gauntlet | Reached skill level 10 in Fighting
 11391 | Gauntlet | Reached skill level 10 in Maces & Flails
 11843 | D:2      | Bought a scroll of identify for 20 gold pieces
 12303 | D:11     | Found a staircase to the Lair.
 13382 | D:12     | Found a frozen archway.
 13689 | IceCv    | Entered an ice cave
 14101 | IceCv    | Reached skill level 8 in Shields
 14738 | IceCv    | Reached XP level 13. HP: 93/104 MP: 14/25
 15030 | IceCv    | Noticed a reaper
 15045 | IceCv    | Killed a reaper
 15057 | IceCv    | Got the Encyclopedia of the Glacier
 15529 | D:12     | Found Tarovege's Jewellery Boutique.
 16321 | D:12     | Identified the +6 falchion of Overwhelming Force {protect,
                  | Will+ Str+9}
 16479 | D:12     | Found a staircase to the Orcish Mines.
 16951 | D:13     | Noticed Josephine
 16983 | D:13     | Killed Josephine
 16995 | D:13     | Gained mutation: You occasionally lose the ability to read
                  | scrolls when taking damage. [potion of mutation]
 16995 | D:13     | Gained mutation: Your system is resistant to poisons.
                  | (rPois) [potion of mutation]
 17636 | D:13     | Reached skill level 10 in Armour
 17636 | D:13     | Reached skill level 10 in Dodging
 18032 | D:13     | Noticed a vault guard
 18061 | D:13     | Killed a vault guard
 18475 | D:13     | Found a glowing golden altar of the Shining One.
 18576 | D:13     | Reached skill level 9 in Shields
 18724 | D:13     | Found a gate to the Vaults.
 18942 | Orc:1    | Entered Level 1 of the Orcish Mines
 18947 | Orc:1    | Noticed Fannar
 18969 | Orc:1    | Killed Fannar
 19077 | Orc:1    | Found a roughly hewn altar of Beogh.
 19237 | Orc:2    | Entered Level 2 of the Orcish Mines
 19541 | Orc:2    | Reached XP level 14. HP: 111/113 MP: 27/27
 19803 | Orc:2    | Reached skill level 10 in Invocations
 19861 | Orc:2    | Found a staircase to the Elven Halls.
 21408 | Orc:2    | Found Kexujuwk's General Store.
 21408 | Orc:2    | Found Pellojig's Magic Scroll Emporium.
 21411 | Orc:2    | Found Itwuviym's Magic Scroll Emporium.
 21411 | Orc:2    | Found Uruodalu's Distillery.
 21446 | Orc:2    | Bought a scroll of blinking for 105 gold pieces
 21446 | Orc:2    | Bought a scroll of enchant weapon for 105 gold pieces
 21449 | Orc:2    | Bought a potion of haste for 140 gold pieces
 21449 | Orc:2    | Bought a potion of mutation for 112 gold pieces
 21451 | Orc:2    | Bought a potion of haste for 140 gold pieces
 21458 | Orc:2    | Bought a scroll of blinking for 105 gold pieces
 21458 | Orc:2    | Bought a scroll of teleportation for 42 gold pieces
 21458 | Orc:2    | Lost mutation: You occasionally lose the ability to read
                  | scrolls when taking damage. [potion of mutation]
 21458 | Orc:2    | Lost mutation: Your system is resistant to poisons. (rPois)
                  | [potion of mutation]
 21458 | Orc:2    | Gained mutation: You have a pair of small horns on your
                  | head. [potion of mutation]
 21458 | Orc:2    | Gained mutation: You are partially covered in iridescent
                  | scales. (AC +2) [potion of mutation]
 21458 | Orc:2    | Gained mutation: You are weak. (Str -2) [potion of
                  | mutation]
 21458 | Orc:2    | Gained mutation: You have a somewhat thin skeletal
                  | structure. (Dex +2, Stealth+) [potion of mutation]
 21587 | Lair:1   | Entered Level 1 of the Lair of Beasts
 21816 | Lair:1   | Noticed Urug
 21835 | Lair:1   | Killed Urug
 22754 | Lair:2   | You are sucked into a shaft and drop 2 floors!
 22779 | Lair:4   | Noticed Sonja
 23418 | Lair:4   | Killed Sonja
 23476 | Lair:4   | Found a staircase to the Slime Pits.
 23477 | Lair:4   | Found a viscous altar of Jiyva.
 23634 | Lair:4   | Identified the +0 scale mail of the Exceptional God {rN+
                  | Int+3 Dex+3 Stlth-}
 23889 | Lair:5   | Entered Level 5 of the Lair of Beasts
 24187 | Lair:5   | Reached skill level 10 in Short Blades
 24187 | Lair:5   | Reached skill level 10 in Long Blades
 24187 | Lair:5   | Reached skill level 10 in Axes
 24187 | Lair:5   | Reached skill level 10 in Polearms
 24187 | Lair:5   | Reached skill level 10 in Staves
 24187 | Lair:5   | Reached skill level 10 in Ranged Weapons
 24187 | Lair:5   | Reached skill level 10 in Throwing
 24187 | Lair:5   | Reached skill level 10 in Stealth
 24187 | Lair:5   | Reached skill level 10 in Shields
 24187 | Lair:5   | Reached skill level 10 in Unarmed Combat
 24187 | Lair:5   | Reached skill level 10 in Spellcasting
 24187 | Lair:5   | Reached skill level 10 in Evocations
 24711 | Lair:5   | Reached XP level 15. HP: 112/120 MP: 26/29
 25109 | Lair:5   | Reached ***** piety under Trog
 25149 | Lair:5   | Found a large runed translucent door.
 25149 | Lair:5   | Found a large runed translucent door.
 27382 | Lair:3   | Noticed Nergalle
 27645 | Lair:3   | Found a staircase to the Swamp.
 28900 | Lair:2   | Found a hole to the Spider Nest.
 29952 | D:14     | Noticed Nessos
 29980 | D:14     | Killed Nessos
 30343 | D:14     | Reached skill level 10 in Shapeshifting
 30886 | D:15     | Entered Level 15 of the Dungeon
 30886 | D:15     | Found Jur Pimn's Antique Armour Shoppe.
 31012 | D:15     | Reached XP level 16. HP: 129/129 MP: 30/30
 31286 | D:15     | Reached skill level 11 in Shields
 32122 | D:15     | Found a staircase to the Depths.
 32598 | Swamp:1  | Entered Level 1 of the Swamp
 33410 | Elf:1    | Entered Level 1 of the Elven Halls
 34220 | Elf:1    | Paralysed by an air elemental for 1 turns
 34224 | Elf:1    | Paralysed by an air elemental for 1 turns
 34230 | Elf:1    | Paralysed by an air elemental for 1 turns
 34234 | Elf:1    | Paralysed by an air elemental for 1 turns
 34242 | Elf:1    | Paralysed by an air elemental for 1 turns
 34256 | Elf:1    | Paralysed by an air elemental for 1 turns
 34819 | Spider:1 | Entered Level 1 of the Spider Nest
 34823 | Spider:1 | Noticed Asterion
 34864 | Spider:1 | Killed Asterion
 35748 | Spider:1 | Noticed Azrael
 36138 | Spider:1 | Noticed Mlioglotl
 36175 | Spider:1 | Killed Azrael
 36226 | Spider:1 | Found a runed translucent door.
 36714 | Spider:2 | HP: 7/193 [radroach (30)]
 36724 | Spider:2 | Gained mutation: You are very weak. (Str -4) [mutagenic
                  | glow]
 36732 | Spider:2 | Gained mutation: You are vulnerable to heat. (rF-)
                  | [mutagenic glow]
 36741 | Spider:2 | Gained mutation: You are resistant to electric shocks.
                  | (rElec) [mutagenic glow]
 36783 | Spider:1 | Gained mutation: You occasionally lose the ability to read
                  | scrolls when taking damage. [mutagenic glow]
 36971 | Spider:1 | Lost mutation: You occasionally lose the ability to read
                  | scrolls when taking damage. [potion of mutation]
 36971 | Spider:1 | Lost mutation: You are very weak. (Str -4) [potion of
                  | mutation]
 36971 | Spider:1 | Lost mutation: You are weak. (Str -2) [potion of mutation]
 36972 | Spider:1 | Lost mutation: You are vulnerable to heat. (rF-) [potion of
                  | mutation]
 36972 | Spider:1 | Lost mutation: You are partially covered in iridescent
                  | scales. (AC +2) [potion of mutation]
 36972 | Spider:1 | Lost mutation: You have a pair of small horns on your head.
                  | [potion of mutation]
 36972 | Spider:1 | Gained mutation: Your spells are a little easier to cast,
                  | but a little less powerful. [potion of mutation]
 36972 | Spider:1 | Gained mutation: You are frail. (-10% HP) [potion of
                  | mutation]
 36972 | Spider:1 | Gained mutation: You are strong-willed. (Will+) [potion of
                  | mutation]
 36975 | Spider:1 | Lost mutation: You are frail. (-10% HP) [potion of
                  | mutation]
 36975 | Spider:1 | Lost mutation: You are resistant to electric shocks.
                  | (rElec) [potion of mutation]
 36975 | Spider:1 | Lost mutation: You have a somewhat thin skeletal structure.
                  | (Dex +2, Stealth+) [potion of mutation]
 36975 | Spider:1 | Gained mutation: You possess an exceptional clarity of
                  | mind. [potion of mutation]
 36975 | Spider:1 | Gained mutation: You have sharp toenails. [potion of
                  | mutation]
 38654 | Spider:1 | Noticed a tentacled starspawn
 38663 | Spider:1 | Killed Mlioglotl
 38664 | Spider:1 | Reached XP level 17. HP: 116/137 MP: 18/32
 39553 | Spider:1 | Reached skill level 10 in Conjurations
 39553 | Spider:1 | Reached skill level 10 in Hexes
 39553 | Spider:1 | Reached skill level 10 in Summonings
 39553 | Spider:1 | Reached skill level 10 in Necromancy
 39553 | Spider:1 | Reached skill level 10 in Translocations
 39553 | Spider:1 | Reached skill level 10 in Fire Magic
 39553 | Spider:1 | Reached skill level 10 in Ice Magic
 39553 | Spider:1 | Reached skill level 10 in Air Magic
 39553 | Spider:1 | Reached skill level 10 in Earth Magic
 39553 | Spider:1 | Reached skill level 10 in Alchemy
 41270 | Spider:3 | Reached skill level 12 in Shields
 42168 | Spider:3 | Noticed Louise
 42257 | Spider:3 | Killed Louise
 42919 | Spider:3 | Identified the +8 chain mail of Eho Raob {rElec Stlth+}
 43603 | Spider:4 | Entered Level 4 of the Spider Nest
 44202 | Spider:4 | Gained mutation: Armour fits poorly on your strangely
                  | shaped body. [mutagenic glow]
 46489 | Spider:4 | Reached XP level 18. HP: 144/146 MP: 28/34
 46571 | Spider:4 | Got a gossamer rune of Zot
 46824 | Vaults:1 | Entered Level 1 of the Vaults
 46984 | Vaults:1 | Found a crumbling gateway.
 46995 | Desolati | Entered the Desolation of Salt
 48823 | Vaults:1 | Identified the +5 short sword of Ybberuth {flame, rElec rN+
                  | Will-}
 48841 | Vaults:1 | Noticed a dread lich
 49271 | Vaults:1 | Noticed a Hell Sentinel
 49301 | Vaults:2 | Reached skill level 13 in Shields
 49406 | Vaults:1 | Noticed a Brimstone Fiend
 49412 | Vaults:1 | Killed a dread lich
 49675 | Vaults:1 | Paralysed by a formless jellyfish for 1 turns
 49682 | Vaults:1 | Paralysed by a formless jellyfish for 1 turns
 49875 | Vaults:1 | Found Gyihat's General Store.
 49881 | Vaults:1 | Bought a scroll of enchant weapon for 97 gold pieces
 49890 | Vaults:1 | Bought the +0 pair of gloves "Obbetuz" {Rampage rN+ Str+2}
                  | for 258 gold pieces
 50402 | Vaults:1 | Identified the +1 scale mail of Lilacs {Fly}
 50432 | Vaults:1 | Found the +5 glaive of the Guard {elec, spectral}
 50868 | Vaults:1 | Reached XP level 19. HP: 150/153 MP: 34/36
 51711 | Vaults:2 | Found Wafeetat's Weapon Emporium.
 52047 | Vaults:2 | Found a staircase to the Crypt.
 53138 | Vaults:3 | Noticed Bai Suzhen
 53138 | Vaults:3 | Noticed Margery
 53379 | Vaults:2 | Killed Bai Suzhen
 53699 | Vaults:3 | Killed Margery
 53965 | Vaults:3 | Found Asinkany's General Store.
 54338 | Vaults:3 | Reached skill level 15 in Fighting
 54338 | Vaults:3 | Reached skill level 15 in Maces & Flails
 54840 | Vaults:3 | Upgraded the game from 0.32-a0-361-g289a535e89 to
                  | 0.32-a0-391-gce5c0aab1b
 55394 | Vaults:3 | Noticed a hellephant
 55459 | Vaults:3 | Killed a hellephant
 55639 | Vaults:3 | Identified the dragon-blood talisman "Kocvovud" {rC- Will-
                  | rCorr Str+8}
 55756 | Vaults:4 | Found Gieth's Book Shop.
 55830 | Vaults:4 | Reached skill level 15 in Invocations
 56100 | Vaults:4 | Received a gift from Trog
 56724 | Vaults:4 | Reached XP level 20. HP: 162/162 MP: 37/37
 57060 | Vaults:4 | Reached skill level 14 in Shields
 57981 | Vaults:4 | Paralysed by a formless jellyfish for 1 turns
 58100 | Vaults:4 | Received a gift from Trog
 58470 | Vaults:4 | Noticed Zenata
 58914 | Vaults:4 | Identified the +5 war axe of Objectivity {freeze, Will+}
 59744 | Elf:1    | Reached skill level 15 in Armour
 59744 | Elf:1    | Reached skill level 15 in Dodging
 59921 | Elf:1    | Found Jyton's Distillery.
 59928 | Elf:1    | Bought a potion of haste for 130 gold pieces
 59928 | Elf:1    | Bought a potion of heal wounds for 65 gold pieces
 59928 | Elf:1    | Bought a potion of curing for 39 gold pieces
 59928 | Elf:1    | Bought a potion of curing for 39 gold pieces
 59928 | Elf:1    | Bought a potion of resistance for 130 gold pieces
 59928 | Elf:1    | Bought a potion of might for 52 gold pieces
 59928 | Elf:1    | Bought a potion of mutation for 104 gold pieces
 60439 | Elf:2    | Received a gift from Trog
 60571 | Elf:2    | Identified a scroll of acquirement
 60613 | Elf:2    | Acquired 714 gold pieces
 60631 | Elf:2    | Found Firolli's Magic Scroll Shoppe.
 60631 | Elf:2    | Found Memy's Assorted Antiques.
 60640 | Elf:2    | Bought a scroll of teleportation for 57 gold pieces
 60640 | Elf:2    | Bought a scroll of teleportation for 57 gold pieces
 60649 | Elf:2    | Bought a potion of curing for 93 gold pieces
 60649 | Elf:2    | Bought a scroll of blinking for 232 gold pieces
 60842 | Elf:2    | Found a runed translucent gate.
 60881 | Elf:2    | Found a runed translucent gate.
 60882 | Elf:2    | Found a runed translucent gate.
 60936 | Elf:2    | Found Roybrai's Antique Armour Shop.
 61444 | Elf:2    | HP: 7/164 [+2 heavy trident (11)]
 61457 | Elf:1    | Reached XP level 21. HP: 51/170 MP: 2/39
 62518 | Elf:3    | Entered Level 3 of the Elven Halls
 62720 | Elf:3    | Found a runed translucent door.
 62722 | Elf:3    | Noticed Atupnera's ghost (adept OpDe)
 63173 | Elf:3    | Received a gift from Trog
 63551 | Elf:3    | Killed Atupnera's ghost
 63681 | Elf:3    | Identified the ring of Weguasott {rCorr Int+6}
 63949 | Elf:3    | Identified the orb of the Depths {guile, ^Contam rF++ rC-
                  | rCorr Str+2}
 64171 | Elf:3    | Identified the ring "Bacau" {rF+ Dex+3 Stlth+}
 64413 | Elf:3    | Acquired the +8 longbow "Zephyr" {speed, Dex+3 SInv}
 64413 | Elf:3    | Found the +8 longbow "Zephyr" {speed, Dex+3 SInv}
 64735 | Elf:3    | Identified the +7 plate armour "Coluyzow" {Str+2}
 64758 | Elf:3    | Identified the ring "Fauniak" {Ice Str+3}
 64762 | Elf:3    | Identified the +4 arbalest of the Blushing Gods {flame,
                  | Dex+2}
 64804 | Elf:3    | Got the Anthology of the Atmosphere
 64888 | Elf:3    | Identified the ring "Veduux" {Int+2 Dex+6}
 64990 | Elf:3    | Got the Incunable of Austromancy
 65911 | Swamp:1  | Reached skill level 15 in Shields
 66374 | Swamp:2  | Reached skill level 15 in Short Blades
 66374 | Swamp:2  | Reached skill level 15 in Long Blades
 66374 | Swamp:2  | Reached skill level 15 in Axes
 66374 | Swamp:2  | Reached skill level 15 in Polearms
 66374 | Swamp:2  | Reached skill level 15 in Staves
 66374 | Swamp:2  | Reached skill level 15 in Ranged Weapons
 66374 | Swamp:2  | Reached skill level 15 in Throwing
 66374 | Swamp:2  | Reached skill level 15 in Stealth
 66374 | Swamp:2  | Reached skill level 15 in Unarmed Combat
 66374 | Swamp:2  | Reached skill level 15 in Spellcasting
 66374 | Swamp:2  | Reached skill level 15 in Evocations
 66558 | Swamp:2  | Received a gift from Trog
 67564 | Swamp:4  | Entered Level 4 of the Swamp
 69562 | Swamp:4  | Reached XP level 22. HP: 179/179 MP: 41/41
 69904 | Swamp:4  | Received a gift from Trog
 69984 | Swamp:4  | Got a decaying rune of Zot
 70361 | Depths:1 | Entered Level 1 of the Depths
 70687 | Depths:1 | Found a gateway to Hell.
 71099 | Depths:1 | Reached skill level 16 in Shields
 72668 | Depths:2 | Received a gift from Trog
 73808 | Depths:2 | Found a runed translucent door.
 73854 | Depths:2 | Found a runed translucent door.
 73975 | Depths:2 | Noticed a golden dragon
 73991 | Depths:2 | Killed a golden dragon
 74184 | Depths:2 | Found a runed translucent door.
 74190 | Depths:2 | Found a runed translucent door.
 74208 | Depths:2 | Identified the +1 scale mail of Fun {Int+7}
 74860 | Depths:2 | Found an ornate altar of the Wu Jian Council.
 74883 | Depths:2 | Found a one-way gateway to a ziggurat.
 74896 | Depths:2 | Gained mutation: You occasionally shout uncontrollably at
                  | your foes. [a shining eye]
 74905 | Depths:2 | Lost mutation: You have sharp toenails. [potion of
                  | mutation]
 74905 | Depths:2 | Lost mutation: You are strong-willed. (Will+) [potion of
                  | mutation]
 74905 | Depths:2 | Gained mutation: Your system is resistant to poisons.
                  | (rPois) [potion of mutation]
 74906 | Depths:2 | Lost mutation: Your system is resistant to poisons. (rPois)
                  | [potion of mutation]
 74906 | Depths:2 | Lost mutation: Your spells are a little easier to cast, but
                  | a little less powerful. [potion of mutation]
 74906 | Depths:2 | Lost mutation: You occasionally shout uncontrollably at
                  | your foes. [potion of mutation]
 74906 | Depths:2 | Gained mutation: Your magical capacity is low. (-10% MP)
                  | [potion of mutation]
 74907 | Depths:2 | Lost mutation: Your magical capacity is low. (-10% MP)
                  | [potion of mutation]
 74907 | Depths:2 | Lost mutation: You possess an exceptional clarity of mind.
                  | [potion of mutation]
 74907 | Depths:2 | Gained mutation: Your magical capacity is low. (-10% MP)
                  | [potion of mutation]
 74907 | Depths:2 | Gained mutation: You have supernaturally acute eyesight.
                  | (SInv) [potion of mutation]
 74907 | Depths:2 | Lost mutation: Armour fits poorly on your strangely shaped
                  | body. [potion of mutation]
 75034 | Depths:2 | Upgraded the game from 0.32-a0-391-gce5c0aab1b to
                  | 0.32-a0-411-g744942f433
 75070 | Depths:2 | Found a one-way gate leading to the halls of Pandemonium.
 75378 | Depths:2 | Found the +3 salamander hide armour {Flames, rFlCloud rF++
                  | rC--}
 76092 | Depths:3 | Reached XP level 23. HP: 181/187 MP: 36/38
 76111 | Depths:3 | Found a one-way gate to the infinite horrors of the Abyss.
 76478 | Depths:3 | Reached skill level 17 in Shields
 76806 | Depths:4 | Entered Level 4 of the Depths
 77479 | Depths:4 | Noticed a golden dragon
 77586 | Depths:4 | Killed a golden dragon
 77586 | Depths:4 | Received a gift from Trog
 77986 | Depths:3 | Reached skill level 15 in Shapeshifting
 78833 | Depths:3 | Noticed a caustic shrike
 78847 | Depths:3 | Killed a caustic shrike
 79534 | Depths:4 | Found a gate to the Realm of Zot.
 80400 | Depths:4 | Found a bloodstained altar of Trog.
 80971 | Vaults:4 | Killed Zenata
 81286 | Vaults:5 | Entered Level 5 of the Vaults
 81303 | Vaults:4 | Reached skill level 18 in Shields
 81912 | Vaults:4 | Reached XP level 24. HP: 139/197 MP: 25/39
 82804 | Vaults:5 | Identified the +2 leather armour of Courage {Rampage ^Drain
                  | rN+ Slay+3}
 83375 | Vaults:5 | Noticed a dread lich
 83396 | Vaults:5 | Killed a dread lich
 83592 | Vaults:5 | Identified the +6 plate armour of Courage {rC+ Will+ Str+3}
 84194 | Vaults:5 | Identified the +1 trident "Undertaker" {drain, rPois}
 84197 | Vaults:5 | Identified the death talisman of the Harvest {rF+}
 84642 | Vaults:5 | Reached ****** piety under Trog
 84871 | Vaults:5 | Received a gift from Trog
 85703 | Vaults:5 | Identified the ring of Quink {Fire rElec rPois Str-5 Int+4}
 85728 | Vaults:5 | Reached skill level 19 in Shields
 85865 | Vaults:5 | Got the Incunabulum of the Non-Euclidean Impact
 85868 | Vaults:5 | Got the Spellbook of Spagyric Destruction
 85942 | Vaults:5 | Got a silver rune of Zot
 86289 | Zot:1    | Entered Level 1 of the Realm of Zot
 86735 | D:12     | Bought the ring "Gimait" {rElec rCorr Int+3} for 604 gold
                  | pieces
 87955 | Zot:1    | Reached XP level 25. HP: 189/199 MP: 39/39
 87969 | Zot:1    | Received a gift from Trog
 89475 | Zot:2    | Noticed a Killer Klown
 89475 | Zot:2    | Noticed a Killer Klown
 89488 | Zot:2    | Killed a Killer Klown
 89985 | Zot:2    | Killed a Killer Klown
 90118 | Zot:2    | Noticed a Killer Klown
 90167 | Zot:2    | Killed a Killer Klown
 90603 | Zot:2    | Found a shimmering altar of Xom.
 90603 | Zot:2    | Found a shimmering altar of Xom.
 90603 | Zot:2    | Found a shimmering altar of Xom.
 90603 | Zot:2    | Found a glowing silver altar of Zin.
 90603 | Zot:2    | Found a shimmering altar of Xom.
 90604 | Zot:2    | Found a shimmering altar of Xom.
 90625 | Zot:2    | Found a shimmering altar of Xom.
 91107 | Zot:2    | Reached skill level 15 in Conjurations
 91107 | Zot:2    | Reached skill level 15 in Hexes
 91107 | Zot:2    | Reached skill level 15 in Summonings
 91107 | Zot:2    | Reached skill level 15 in Necromancy
 91107 | Zot:2    | Reached skill level 15 in Translocations
 91107 | Zot:2    | Reached skill level 15 in Fire Magic
 91107 | Zot:2    | Reached skill level 15 in Ice Magic
 91107 | Zot:2    | Reached skill level 15 in Air Magic
 91107 | Zot:2    | Reached skill level 15 in Earth Magic
 91107 | Zot:2    | Reached skill level 15 in Alchemy
 91906 | Zot:3    | Reached skill level 20 in Shields
 94071 | Zot:4    | Noticed an orb of fire
 94282 | Zot:4    | Received a gift from Trog
 94297 | Zot:4    | Reached XP level 26. HP: 86/213 MP: 16/40
 95092 | Zot:4    | Noticed a Killer Klown
 95100 | Zot:4    | Killed a Killer Klown
 95800 | Zot:4    | Noticed an orb of fire
 95816 | Zot:4    | Gained mutation: You are frail. (-10% HP) [an orb of fire]
 95818 | Zot:4    | Gained mutation: Potions are less effective at restoring
                  | your health. [an orb of fire]
 96147 | Zot:3    | Lost mutation: Potions are less effective at restoring your
                  | health. [potion of mutation]
 96147 | Zot:3    | Lost mutation: You have supernaturally acute eyesight.
                  | (SInv) [potion of mutation]
 96147 | Zot:3    | Gained mutation: You sometimes lose your temper in combat.
                  | [potion of mutation]
 96147 | Zot:3    | Gained mutation: Your muscles are strong. (Str +4, Int/Dex
                  | -1) [potion of mutation]
 96148 | Zot:3    | Lost mutation: Your muscles are strong. (Str +4, Int/Dex
                  | -1) [potion of mutation]
 96148 | Zot:3    | Lost mutation: You are frail. (-10% HP) [potion of
                  | mutation]
 96148 | Zot:3    | Lost mutation: Your magical capacity is low. (-10% MP)
                  | [potion of mutation]
 96148 | Zot:3    | Gained mutation: You occasionally lose the ability to drink
                  | potions when taking damage. [potion of mutation]
 96148 | Zot:3    | Gained mutation: You are dopey. (Int -2) [potion of
                  | mutation]
 96148 | Zot:3    | Gained mutation: You have an uncontrollable temper. [potion
                  | of mutation]
 96148 | Zot:3    | Gained mutation: You have large cloven feet. [potion of
                  | mutation]
 96149 | Zot:3    | Lost mutation: You have an uncontrollable temper. [potion
                  | of mutation]
 96149 | Zot:3    | Lost mutation: You have large cloven feet. [potion of
                  | mutation]
 96149 | Zot:3    | Gained mutation: Armour fits poorly on your strangely
                  | shaped body. [potion of mutation]
 96149 | Zot:3    | Gained mutation: You have sharp fingernails. [potion of
                  | mutation]
 96149 | Zot:3    | Gained mutation: Your movements are slightly less
                  | encumbered by armour. (ER -2) [potion of mutation]
 96150 | Zot:3    | Lost mutation: You have sharp fingernails. [potion of
                  | mutation]
 96150 | Zot:3    | Lost mutation: You occasionally lose the ability to drink
                  | potions when taking damage. [potion of mutation]
 96150 | Zot:3    | Lost mutation: Your movements are slightly less encumbered
                  | by armour. (ER -2) [potion of mutation]
 96150 | Zot:3    | Gained mutation: You are very dopey. (Int -4) [potion of
                  | mutation]
 96151 | Zot:3    | Lost mutation: You sometimes lose your temper in combat.
                  | [potion of mutation]
 96151 | Zot:3    | Lost mutation: You are very dopey. (Int -4) [potion of
                  | mutation]
 96151 | Zot:3    | Gained mutation: You occasionally lose the ability to drink
                  | potions when taking damage. [potion of mutation]
 96151 | Zot:3    | Gained mutation: You have hidden genetic potential. [potion
                  | of mutation]
 96151 | Zot:3    | Gained mutation: Your spells are a little harder to cast,
                  | but a little more powerful. [potion of mutation]
 96152 | Zot:3    | Lost mutation: Armour fits poorly on your strangely shaped
                  | body. [potion of mutation]
 96152 | Zot:3    | Lost mutation: You occasionally lose the ability to drink
                  | potions when taking damage. [potion of mutation]
 96152 | Zot:3    | Gained mutation: Your body sometimes deteriorates upon
                  | taking damage. [potion of mutation]
 96152 | Zot:3    | Gained mutation: You are partially covered in iridescent
                  | scales. (AC +2) [potion of mutation]
 96822 | Slime:1  | Entered Level 1 of the Pits of Slime
 98683 | Slime:3  | Upgraded the game from 0.32-a0-411-g744942f433 to
                  | 0.32-a0-422-g28b100f618
 99224 | Slime:5  | Entered Level 5 of the Pits of Slime
 99379 | Slime:4  | Reached skill level 21 in Shields
 99927 | Slime:5  | Noticed the Royal Jelly
 99952 | Slime:5  | Killed the Royal Jelly
 99954 | Slime:5  | Gained mutation: You do not regenerate when monsters are
                  | visible. [a shining eye]
100428 | Slime:5  | Gained mutation: You are very dopey. (Int -4) [a shining
                  | eye]
100442 | Slime:5  | Gained mutation: You are vulnerable to cold. (rC-) [a
                  | shining eye]
100447 | Slime:5  | Lost mutation: You are very dopey. (Int -4) [potion of
                  | mutation]
100447 | Slime:5  | Lost mutation: Your body sometimes deteriorates upon taking
                  | damage. [potion of mutation]
100736 | Slime:5  | Paralysed by a formless jellyfish for 1 turns
101193 | Slime:5  | Found the +3 pair of mountain boots {steadfast, rC+}
101195 | Slime:5  | Found the +11 Singing Sword {sonic wave}
101239 | Slime:5  | Identified the +1 leather armour of Hubris {Regen+}
101242 | Slime:5  | Identified the +3 hand axe "Imp's Undoing" {heavy, *Rage
                  | Fly rF++ Will-}
101286 | Slime:5  | Got Zudoyshi's Treatise on the Fair Folk and Momentum
101444 | Slime:5  | Got a slimy rune of Zot
101562 | Slime:5  | Received a gift from Trog
102014 | Crypt:1  | Entered Level 1 of the Crypt
102760 | Pan      | Entered Pandemonium
103027 | Pan      | Noticed Deodoug the pandemonium lord
103064 | Pan      | Entered the realm of Gloorx Vloq.
103542 | Pan      | Found an exit through the horrors of the Abyss.
104338 | Pan      | Reached XP level 27. HP: 212/222 MP: 44/45
105183 | Pan      | Gained mutation: Your spells are harder to cast, but more
                  | powerful. [hidden potential]
105981 | Pan      | Reached skill level 22 in Shields
107008 | Pan      | Received a gift from Trog
108768 | Pan      | Noticed Gloorx Vloq
109433 | Pan      | Received a gift from Trog
109851 | Pan      | Killed Gloorx Vloq
109853 | Pan      | Got a dark rune of Zot
110347 | Pan      | Took an exit into the Abyss.
110347 | Abyss:1  | Escaped into the Abyss
110632 | Depths:2 | Escaped the Abyss
110737 | Hell     | Entered the Vestibule of Hell
110737 | Hell     | Noticed Geryon
111250 | Depths:2 | Gained mutation: You have a pair of small horns on your
                  | head. [hidden potential]
111250 | Depths:2 | Lost mutation: You have hidden genetic potential. [hidden
                  | potential expressed]
112296 | Depths:2 | Reached skill level 23 in Shields
112638 | Hell     | Killed Geryon
112746 | Hell     | Found a gateway to the freezing wastes of Cocytus.
112749 | Hell     | Paralysed by a wendigo for 1 turns
112778 | Hell     | Paralysed by a wendigo for 1 turns
112844 | Hell     | Found a gateway to the Iron City of Dis.
112893 | Hell     | Paralysed by a wendigo for 1 turns
112899 | Hell     | Paralysed by a wendigo for 1 turns
113043 | Hell     | Found a gateway to the decaying netherworld of Tartarus.
113301 | Hell     | Found a gateway to the ashen valley of Gehenna.
113523 | Depths:3 | Voluntarily entered the Abyss.
113560 | Abyss:1  | Received a gift from Trog
114199 | Depths:3 | Escaped the Abyss
114568 | D:7      | Bought a bloodstained plate armour for 616 gold pieces
114568 | D:7      | Identified the +2 plate armour "Wadufut" {Dex+6} (You
                  | bought it in a shop on level 7 of the Dungeon)
115150 | Temple   | Entered the Ecumenical Temple
115181 | Temple   | Fell from the grace of Trog
115181 | Temple   | Became a worshipper of Makhleb the Destroyer
115185 | Temple   | Learned a level 2 spell: Blink
115189 | Temple   | Learned a level 3 spell: Ozocubu's Armour
115194 | Temple   | Learned a level 4 spell: Passage of Golubria
115567 | Depths:3 | Voluntarily entered the Abyss.
115596 | Abyss:1  | Found a corrupted altar of Lugonu.
115619 | Abyss:1  | Noticed a dread lich
115630 | Abyss:1  | Killed a dread lich
115653 | Abyss:1  | Found a corrupted altar of Lugonu.
115656 | Abyss:1  | Found a corrupted altar of Lugonu.
115656 | Abyss:1  | Found a corrupted altar of Lugonu.
115761 | Abyss:1  | Found a corrupted altar of Lugonu.
115821 | Abyss:1  | Reached * piety under Makhleb
115893 | Abyss:1  | Found a corrupted altar of Lugonu.
116063 | Abyss:1  | Found a corrupted altar of Lugonu.
116151 | Abyss:1  | Reached ** piety under Makhleb
116524 | Abyss:1  | Paralysed by accursed screaming for 1 turns
116547 | Abyss:1  | Reached *** piety under Makhleb
116547 | Abyss:1  | Paralysed by accursed screaming for 1 turns
117052 | Abyss:1  | Reached **** piety under Makhleb
117114 | Abyss:1  | Found a corrupted altar of Lugonu.
117123 | Abyss:1  | Upgraded the game from 0.32-a0-422-g28b100f618 to
                  | 0.32-a0-433-g08bcfe7efd
117645 | Abyss:1  | Learned a level 5 spell: Yara's Violent Unravelling
117747 | Abyss:1  | Noticed a dread lich
117786 | Abyss:1  | Killed a dread lich
118008 | Abyss:1  | Reached ***** piety under Makhleb
118200 | Abyss:2  | Found a corrupted altar of Lugonu.
118724 | Abyss:3  | Reached skill level 24 in Shields
118800 | Abyss:3  | Reached ****** piety under Makhleb
118871 | Abyss:3  | Got an abyssal rune of Zot
118980 | Abyss:3  | Found a corrupted altar of Lugonu.
119091 | Depths:3 | Escaped the Abyss
119135 | Depths:3 | Voluntarily entered the Abyss.
119159 | Abyss:3  | Paralysed by Trog for 4 turns
119383 | Abyss:3  | Found a corrupted altar of Lugonu.
119827 | Abyss:3  | Found a corrupted altar of Lugonu.
120221 | Abyss:3  | Found a corrupted altar of Lugonu.
120288 | Abyss:3  | Gained mutation: You are vulnerable to heat. (rF-) [a
                  | neqoxec]
120294 | Depths:3 | Escaped the Abyss
120323 | Depths:3 | Lost mutation: Your spells are harder to cast, but more
                  | powerful. [potion of mutation]
120323 | Depths:3 | Lost mutation: You have a pair of small horns on your head.
                  | [potion of mutation]
120323 | Depths:3 | Lost mutation: You do not regenerate when monsters are
                  | visible. [potion of mutation]
120324 | Depths:3 | Lost mutation: Your spells are a little harder to cast, but
                  | a little more powerful. [potion of mutation]
120324 | Depths:3 | Lost mutation: You are vulnerable to heat. (rF-) [potion of
                  | mutation]
120324 | Depths:3 | Gained mutation: You are robust. (+10% HP) [potion of
                  | mutation]
120570 | Pan      | Entered Pandemonium
120609 | Pan      | Paralysed by Trog for 3 turns
121203 | Pan      | Identified the ring "Doyfasov" {Ice Str-5 Dex+5}
121249 | Pan      | Noticed Resolal the pandemonium lord
121274 | Pan      | Killed Resolal the pandemonium lord
121305 | Pan      | Got a demonic rune of Zot
121344 | Pan      | Found an exit through the horrors of the Abyss.
121576 | Pan      | Entered the realm of Cerebov.
121762 | Pan      | Identified the ring of Seri {rElec rPois rF++ rCorr Int-5}
122462 | Pan      | Found a bloodstained altar of Trog.
122605 | Pan      | Reached skill level 25 in Shields
123011 | Pan      | Identified the granite talisman "Eciatac" {rCorr}
123013 | Pan      | Got Nubriomo's Precepts of Unlucky Conflict
123092 | Pan      | Identified the +6 glaive of Magnificence {heavy, rC- Str+4
                  | Int+3}
123304 | Pan      | Found the +6 sword of Cerebov {flame}
123304 | Pan      | Noticed Cerebov
123455 | Pan      | Killed Cerebov
123849 | Pan      | Identified the +2 mace of the Lame Duck {venom, +Blink
                  | Str-2 Dex-5 Stlth+}
123856 | Pan      | Identified the +0 leather armour of the Rose {-Cast rC+
                  | Dex+4}
124012 | Pan      | Got a fiery rune of Zot
124360 | Pan      | Entered the realm of Mnoleg.
124383 | Pan      | Gained mutation: Your body sometimes deteriorates upon
                  | taking damage. [a cacodemon]
124385 | Pan      | Gained mutation: You are weak. (Str -2) [a cacodemon]
124387 | Pan      | Lost mutation: You are robust. (+10% HP) [a cacodemon]
124389 | Pan      | Noticed Mnoleg
124391 | Pan      | Gained mutation: You are vulnerable to heat. (rF-) [a
                  | cacodemon]
124395 | Pan      | Gained mutation: Your spells are a little easier to cast,
                  | but a little less powerful. [a cacodemon]
124395 | Pan      | Gained mutation: Your spells are easier to cast, but less
                  | powerful. [a cacodemon]
124397 | Pan      | Gained mutation: You occasionally lose the ability to drink
                  | potions when taking damage. [a cacodemon]
124456 | Pan      | Gained mutation: You are very weak. (Str -4) [a cacodemon]
124489 | Pan      | Gained mutation: Armour fits poorly on your strangely
                  | shaped body. [a cacodemon]
124490 | Pan      | Killed Mnoleg
124510 | Pan      | HP: 9/231 [ettin[a protean progenitor] (35)]
124510 | Pan      | Lost intelligence.
124815 | Pan      | Lost mutation: You are vulnerable to cold. (rC-) [potion of
                  | mutation]
124815 | Pan      | Lost mutation: Armour fits poorly on your strangely shaped
                  | body. [potion of mutation]
124815 | Pan      | Lost mutation: You are very weak. (Str -4) [potion of
                  | mutation]
124815 | Pan      | Lost mutation: Your body sometimes deteriorates upon taking
                  | damage. [potion of mutation]
124815 | Pan      | Gained mutation: You have large cloven feet. [potion of
                  | mutation]
125411 | Pan      | Was forgiven by Trog
125913 | Pan      | Found an exit through the horrors of the Abyss.
126030 | Pan      | Got a glowing rune of Zot
126443 | Pan      | Took an exit into the Abyss.
126443 | Abyss:3  | Escaped into the Abyss
126500 | Abyss:3  | Reached skill level 26 in Shields
126520 | Abyss:3  | Found a glowing golden altar of the Shining One.
126556 | Depths:2 | Escaped the Abyss
127687 | Crypt:2  | Found a runed translucent door.
127688 | Crypt:2  | Noticed Uroast's ghost (veteran MiGl)
128058 | Crypt:2  | Killed Uroast's ghost
128061 | Crypt:2  | Identified the +8 plate armour "Ecoxae" {*Corrode rPois rC+
                  | SInv}
128151 | Crypt:3  | Entered Level 3 of the Crypt
128267 | Crypt:3  | Found a staircase to the Tomb.
128290 | Crypt:3  | Found a huge runed translucent gate.
128290 | Crypt:3  | Found a huge runed translucent gate.
128290 | Crypt:3  | Found a huge runed translucent gate.
128290 | Crypt:3  | Found a huge runed translucent gate.
128290 | Crypt:3  | Found a huge runed translucent gate.
128290 | Crypt:3  | Found a huge runed translucent gate.
128290 | Crypt:3  | Found a huge runed translucent gate.
128290 | Crypt:3  | Found a huge runed translucent gate.
128290 | Crypt:3  | Found a huge runed translucent gate.
128291 | Crypt:3  | Found a huge runed translucent gate.
128291 | Crypt:3  | Found a huge runed translucent gate.
128292 | Crypt:3  | Found a huge runed translucent gate.
128292 | Crypt:3  | Found a huge runed translucent gate.
128292 | Crypt:3  | Found a huge runed translucent gate.
128297 | Crypt:3  | Found a huge runed translucent gate.
128298 | Crypt:3  | Found a huge runed translucent gate.
128298 | Crypt:3  | Found a huge runed translucent gate.
128298 | Crypt:3  | Found a huge runed translucent gate.
128300 | Crypt:3  | Found a huge runed translucent gate.
128301 | Crypt:3  | Found a huge runed translucent gate.
128311 | Crypt:3  | Found a huge runed translucent gate.
128311 | Crypt:3  | Found a huge runed translucent gate.
128315 | Crypt:3  | Found a huge runed translucent gate.
128315 | Crypt:3  | Found a huge runed translucent gate.
128335 | Crypt:3  | Found a huge runed translucent gate.
128335 | Crypt:3  | Found a huge runed translucent gate.
128335 | Crypt:3  | Found a huge runed translucent gate.
128342 | Crypt:3  | Found a huge runed translucent gate.
128343 | Crypt:3  | Found a huge runed translucent gate.
128355 | Crypt:3  | Found a huge runed translucent gate.
128355 | Crypt:3  | Found a huge runed translucent gate.
128358 | Crypt:3  | Found a huge runed translucent gate.
128360 | Crypt:3  | Found a huge runed translucent gate.
128360 | Crypt:3  | Found a huge runed translucent gate.
128361 | Crypt:3  | Found a huge runed translucent gate.
128362 | Crypt:3  | Found a huge runed translucent gate.
128506 | Crypt:3  | Noticed Xtahua
128552 | Crypt:3  | Killed Xtahua
128933 | Crypt:3  | Identified the orb "Buq Leyh" {*channel, rElec rC- Str+3
                  | Dex+3}
128933 | Crypt:3  | Noticed Frederick
128969 | Crypt:3  | Killed Frederick
128994 | Crypt:3  | Identified the +8 hand axe of Sharkskin {pain, Fly rElec
                  | Str+2}
129145 | Crypt:3  | Found an ancient bone altar of Kikubaaqudgha.
129252 | Crypt:3  | Identified the +6 longbow of a ziggurat {antimagic, rPois}
129291 | Crypt:3  | Identified the -1 pair of boots "Ohueng" {Fly rN+}
129854 | Tomb:1   | Entered Level 1 of the Tomb of the Ancients
130207 | Tomb:1   | Identified the +3 leather armour of Hepliaklqana's Scorn
                  | {Str+2}
130265 | Tomb:1   | Noticed a royal mummy
130307 | Tomb:1   | Killed a royal mummy
130498 | Tomb:1   | Noticed a royal mummy
130520 | Tomb:1   | Killed a royal mummy
130965 | Tomb:2   | Noticed a royal mummy
130977 | Tomb:2   | Killed a royal mummy
130978 | Tomb:2   | Noticed a royal mummy
130983 | Tomb:2   | Reached skill level 27 in Shields
130983 | Tomb:2   | Noticed a royal mummy
131035 | Tomb:2   | Noticed a royal mummy
131047 | Tomb:2   | Killed a royal mummy
131076 | Tomb:2   | HP: 8/175 [death scarab[a royal mummy] (7)]
131082 | Tomb:2   | Slain by a shadow

Illustrated notes

Levels and vault maps discovered:
D:1:      lemuel_arrival_broad_hall, layout_loops_corners,
          basic_ecumenical_altar, nicolae_concentric_dashed_squares_mild,
          minmay_pentomino_w2
D:2:      layout_rooms, serial_shops, nicolae_shop_trees, basic_altar
D:3:      layout_loops_ring, minitemple, st_stairs_7, pf_guarded_unrand_delatra,
          uniq_sigmund, uniq_grinder, uniq_ijyb
D:4:      layout_rooms, mainiacjoe_overflow_surrounded_room,
          minmay_temple_entry_purple_smoke, uniq_edmund, uniq_eustachio
D:5:      layout_cave_pools, lemuel_coloured_pillars_altar,
          nicolae_uskayaw_murder_on_the_dancefloor, uniq_pikel
D:6:      wad_lake_hut, layout_cave_pools, okawaru_trees_2, kennysheep_potato
D:7:      layout_basic, serial_shops, nicolae_book_shop_shelving, shop, shop,
          shop
D:8:      layout_basic, hangedman_misty_isle, uniq_erica, uniq_psyche,
          uniq_joseph
D:9:      layout_loops_ring, chequers_hall_statues_wall_a, uniq_grum
D:10:     layout_basic, kennysheep_mini_moat, enter_bailey_2
D:11:     layout_loops_corners, erik_lair_island, gauntlet_entry_generic
D:12:     layout_irregular_city, david_orc_3, serial_shops,
          nicolae_shop_rolling_square, serial_ice, serial_ice_j, serial_ice_n,
          serial_ice_e, serial_ice_d, serial_ice_f, serial_ice_m, serial_ice_h,
          serial_ice_b, portal_ice_cave_rime
D:13:     layout_basic, erik_vaults_1, nicolae_tso_swordbearing_angel,
          uniq_josephine
D:14:     layout_rooms, grunt_tough_drop, uniq_nessos
D:15:     grunt_enter_depths_hoard, layout_loops_ring, chequers_jeans,
          serial_shops, shop, serial_bayou_ford_a
Temple:   nicolae_temple_bog_church
Lair:1:   layout_chaotic_city, st_stairs_5, lemuel_fruit_fields, uniq_urug
Lair:2:   beast_lair_carwin_large_2, layout_small_grid,
          spider_nest_entry_web_field, st_stairs_6
Lair:3:   layout_chaotic_city, mainiacjoe_swamp_entry_angry_trees,
          grunt_megastairs_2, serial_bayou_shore_a, uniq_nergalle
Lair:4:   layout_gridlike, slime_entry_1, minivault_24, uniq_sonja
Lair:5:   cheibrodos_lair_end_hotspot, layout_loops_ring
Swamp:1:  nicolae_swamp_ascending_descending_big, layout_falls_marsh,
          evilmike_swamp_ruin_rubble_1, swamp_pool_1_2
Swamp:2:  layout_falls_marsh, nicolae_swamp_feature_on_the_river_bank,
          swamp_pool_5, nicolae_swamp_spriggan_camp
Swamp:3:  layout_basic_swamp, evilmike_swamp_ruin_house_1, swamp_pool_1_2
Swamp:4:  nzn_swamp_witches_coven, layout_basic_swamp
Spider:1: cheibrodos_spider_deadly_dance, nicolae_spider_webbed_stairs,
          uniq_asterion, uniq_azrael, uniq_mlioglotl
Spider:2: layout_cave_pods
Spider:3: layout_cave_pods, drop_trap, beargit_elvish_explorers, uniq_louise
Spider:4: grunt_spider_rune_island, nicolae_spider_orb_run
Slime:1:  layout_caves, cheibrodos_slime_lost_civilization_7
Slime:2:  layout_caves
Slime:3:  layout_caves
Slime:4:  nicolae_slime_pool, layout_caves
Slime:5:  slime_pit_nicolae_trefoil
Orc:1:    layout_diamond_mine, basic_altar, abandoned_shop, uniq_fannar
Orc:2:    grunt_orc_tribal_feast, layout_caves
Elf:1:    eino_elf_arrival_sip, layout_geoelf_octagon, serial_shops, shop,
          onia_ninara_cookie
Elf:2:    elven_hall_of_blades_hangedman_original
          [infiniplex_blade_entry_pillars], layout_onion_city, serial_shops,
          shop, minmay_shoptagon
Elf:3:    minmay_elf_hall, layout_onion_city, hellmonk_ghost_big_iron,
          minmay_misc_feat_rows, amethyst_killhole, dk_noncrumbling_4
Vaults:1: portal_desolation_entry_nicolae_slug,
          nicolae_vaults_storage_closets_3, vaults_room_stairs_pillars,
          vaults_room_semicircle, minmay_guarded_unrand_guard_vaults,
          nicolae_vaults_surprise_closet, vaults_room_door_ring, v_misc_2,
          vaults_dpeg_diagonal, hangedman_vaults_slice, hangedman_vaults_locks,
          v_misc_2, layout_vaults_maze, serial_shops, nicolae_square_shop
Vaults:2: nicolae_vaults_taking_the_gang_shopping,
          minmay_crypt_entry_simple_round, nicolae_vaults_house_3,
          nicolae_vaults_what_the_h, nicolae_vaults_weapon_check,
          nicolae_vaults_specimen_jars, nicolae_vaults_doubleplus_tesselated,
          nicolae_vaults_turnstiles, nicolae_vaults_theta,
          layout_vaults_omnigrid
Vaults:3: nicolae_vaults_mush_room, nicolae_vaults_house_2, grunt_vaults_twisty,
          hangedman_vaults_stream, grunt_vaults_swirl, ontoclasm_vaults_chip,
          v_misc_27, vaults_dpeg_ring, nicolae_vaults_little_squares_5,
          serial_library_hellmonk_open_square, vaults_dpeg_hooks,
          layout_vaults_chaotic_city, serial_shops, shop, uniq_margery,
          uniq_bai_suzhen
Vaults:4: nicolae_vaults_network_barrier, nicolae_vaults_wine_cellar,
          hangedman_vaults_stitches, nicolae_vaults_antechamber_and_loot_room,
          vaults_mumra_hex, nicolae_vaults_tetromino_Z_2, v_misc_5,
          nicolae_vaults_storage_closets_1, layout_vaults_omnicross,
          serial_shops, shop, uniq_zenata
Vaults:5
Crypt:1:  layout_regular_city
Crypt:2:  layout_rooms, gammafunk_ghost_grave
Crypt:3:  church_of_pain_bobbens, layout_chaotic_city,
          tomb_entry_simple_bobbens, serial_sigils_hangedman_quiver,
          not_door_vault_due, uniq_xtahua, uniq_frederick
Tomb:1
Tomb:2
Depths:1: layout_cave_shapes, nicolae_twisting_strands, grunt_mini_vestibule,
          evilmike_butchery
Depths:2: impenetrable_vault, layout_cave_pools, enter_ziggurat_c, hell_entry,
          grunt_pan_entry_in_and_out, nzn_wu_jian_contemplation,
          hellmonk_guarded_unrand_salamander
Depths:3: minmay_slanted_spiral_squares, layout_gridlike, hell_entry,
          hangedman_abyss_entry_splay, grunt_pan_entry_sceptre,
          minmay_hedge_maze, infiniplex_staircase_pillars_2
Depths:4: grunt_zot_entry_funnels, layout_twisted_cross, pf_coc_iceberg,
          minmay_misc_feat_encased, evilmike_spriggan_trog_shrine
Hell
Zot:1:    layout_onion, regret_index_zotdec_iron_s
Zot:2:    dreamdust_zin_vs_xom, layout_onion_interference,
          regret_index_zotdec_onion_hex, hangedman_zot_wheel_spokes
Zot:3:    layout_cathedral_of_symmetry, regret_index_zotdec_gossamer_parallel
Zot:4:    dreamdust_black_sun_cult, layout_basic, zot_minivault_1

Skill      XL: |  1  2  3  4  5  6  7  8  9 10 11 12 13 14 15 16 17 18 19 20 21 22 23 24 25 26 27 |
---------------+----------------------------------------------------------------------------------+-----
Invocations    | 1 2 3 4 5 6 7 8 9 10 11 12 13 14 15 16 17 18 19 20 23 | 23.9
Short Blades   | 1 2 3 4 5 6 7 8 9 10 11 12 13 14 15 16 17 18 22 | 22.1
Long Blades    | 1 2 3 4 5 6 7 8 9 10 11 12 13 14 15 16 17 18 22 | 22.1
Axes           | 1 2 3 4 5 6 7 8 9 10 11 12 13 14 15 16 17 18 22 | 22.1
Polearms       | 1 2 3 4 5 6 7 8 9 10 11 12 13 14 15 16 17 18 22 | 22.1
Staves         | 1 2 3 4 5 6 7 8 9 10 11 12 13 14 15 16 17 18 22 | 22.1
Ranged Weapons | 1 2 3 4 5 6 7 8 9 10 11 12 13 14 15 16 17 18 22 | 22.1
Throwing       | 1 2 3 4 5 6 7 8 9 10 11 12 13 14 15 16 17 18 22 | 22.1
Stealth        | 1 2 3 4 5 6 7 8 9 10 11 12 13 14 15 16 17 18 22 | 22.1
Shields        | 1 2 3 4 5 6 7 8 9 10 11 12 13 14 15 16 18 19 20 21 27 | 27.0
Unarmed Combat | 1 2 3 4 5 6 7 8 9 10 11 12 13 14 15 16 17 18 22 | 22.1
Spellcasting   | 1 2 3 4 5 6 7 8 9 10 11 12 13 14 15 16 17 18 22 | 22.1
Evocations     | 1 2 3 4 5 6 7 8 9 10 11 12 13 14 15 16 17 18 22 | 22.1
Shapeshifting  | 1 2 3 4 5 6 7 8 9 10 11 12 13 14 15 16 17 20 | 20.5
Conjurations   | 1 2 3 4 5 6 7 8 9 10 11 12 13 14 15 19 | 19.0
Hexes          | 1 2 3 4 5 6 7 8 9 10 11 12 13 14 15 19 | 19.0
Summonings     | 1 2 3 4 5 6 7 8 9 10 11 12 13 14 15 19 | 19.0
Necromancy     | 1 2 3 4 5 6 7 8 9 10 11 12 13 14 15 19 | 19.0
Translocations | 1 2 3 4 5 6 7 8 9 10 11 12 13 14 15 19 | 19.0
Fire Magic     | 1 2 3 4 5 6 7 8 9 10 11 12 13 14 15 19 | 19.0
Ice Magic      | 1 2 3 4 5 6 7 8 9 10 11 12 13 14 15 19 | 19.0
Air Magic      | 1 2 3 4 5 6 7 8 9 10 11 12 13 14 15 19 | 19.0
Earth Magic    | 1 2 3 4 5 6 7 8 9 10 11 12 13 14 15 19 | 19.0
Alchemy        | 1 2 3 4 5 6 7 8 9 10 11 12 13 14 15 19 | 19.0
Armour         | 5 6 7 8 9 10 11 12 13 14 15 16 17 19 20 26 | 26.2
Dodging        | 5 6 7 8 9 10 11 12 13 14 15 16 17 18 19 22 | 22.5
Fighting       | 7 8 9 10 11 12 13 14 15 16 17 18 19 22 | 22.9
Maces & Flails | 7 8 9 10 11 12 13 14 15 16 17 18 19 22 | 22.9

Action                     |  1- 3 |  4- 6 |  7- 9 | 10-12 | 13-15 | 16-18 | 19-21 | 22-24 | 25-27 || total
---------------------------+-------+-------+-------+-------+-------+-------+-------+-------+-------++-------
  Melee: Mace              |    73 |   127 |     6 |       |       |       |       |       |       ||   206
         Bite              |     4 |    18 |    45 |   149 |   361 |   355 |   272 |   269 |  1353 ||  2826
         Whip              |       |       |   390 |   891 |  2244 |  1050 |       |       |       ||  4575
         Headbutt          |       |       |       |       |   456 |   215 |       |       |   630 ||  1301
         Eveningstar       |       |       |       |       |       |   976 |  1531 |  1133 |   895 ||  4535
         Falchion          |       |       |       |       |       |    50 |       |       |       ||    50
         Demon whip        |       |       |       |       |       |       |       |    97 |   196 ||   293
         Double sword      |       |       |       |       |       |       |       |       |  5361 ||  5361
   Fire: Longbow           |       |       |       |       |       |       |   425 |  1166 |   492 ||  2083
  Throw: Dart              |       |       |     4 |       |     2 |    27 |    11 |    11 |     4 ||    59
         Throwing net      |       |       |       |       |     1 |       |       |       |       ||     1
         Javelin           |       |       |       |       |       |       |     1 |     4 |     1 ||     6
   Cast: Blink             |       |       |       |       |       |       |       |       |    11 ||    11
         Ozocubu's Armour  |       |       |       |       |       |       |       |       |     3 ||     3
         Passage of Golubr |       |       |       |       |       |       |       |       |     1 ||     1
 Invoke: Berserk           |     1 |     4 |     6 |    23 |    35 |    51 |    12 |    19 |    17 ||   168
         Trog's Hand       |       |     4 |     5 |     8 |    19 |    11 |     8 |     9 |    18 ||    82
         Brothers in Arms  |       |       |       |     3 |     3 |     4 |     6 |    10 |       ||    26
Ability: Siphon Essence    |       |       |       |       |       |       |       |       |     1 ||     1
  Evoke: Wand              |       |       |     3 |    18 |    12 |    21 |     7 |    21 |    45 ||   127
         Lightning rod     |       |       |       |       |     4 |    11 |     4 |     4 |     8 ||    31
         Phantom mirror    |       |       |       |       |       |     2 |     1 |     2 |     3 ||     8
         Phial of floods   |       |       |       |       |       |       |       |     1 |     1 ||     2
         Tin of tremorston |       |       |       |       |       |       |       |       |     2 ||     2
         Box of beasts     |       |       |       |       |       |       |       |       |     4 ||     4
         Horn of Geryon    |       |       |       |       |       |       |       |       |     4 ||     4
    Use: Potion            |       |     3 |       |       |     6 |    16 |     5 |    10 |    30 ||    70
         Scroll            |       |       |     1 |    11 |     5 |    16 |    14 |     9 |    24 ||    80
   Stab: Sleeping          |     5 |       |       |    18 |    22 |    13 |    12 |       |     7 ||    77
         Distracted        |       |       |     1 |     1 |     3 |     5 |     9 |    10 |    52 ||    81
         Held in net/web   |       |       |       |       |     2 |       |       |       |       ||     2
         Petrified         |       |       |       |       |     2 |       |       |       |       ||     2
         Fleeing           |       |       |       |       |       |       |       |     1 |     1 ||     2
         Confused          |       |       |       |       |       |       |       |       |     5 ||     5
 Armour: Animal skin       |    40 |    62 |       |       |       |       |       |       |       ||   102
         Ring mail         |       |     7 |     2 |       |       |       |       |       |       ||     9
         Scale mail        |       |       |   184 |   501 |  1301 |   968 |       |       |       ||  2954
         Skin              |       |       |       |       |       |    33 |       |       |       ||    33
         Chain mail        |       |       |       |       |       |   857 |  1128 |  1284 |       ||  3269
         Plate armour      |       |       |       |       |       |       |       |   352 |  3697 ||  4049
  Dodge: Dodged            |    44 |    74 |   164 |   362 |  1227 |   863 |   769 |  1279 |  3036 ||  7818
         Repelled          |       |       |       |       |       |     1 |    39 |    41 |   119 ||   200
  Block: Kite shield       |       |       |       |       |     3 |  1381 |   792 |   569 |  4169 ||  6914
         Tower shield      |       |       |       |       |       |       |       |       |  2177 ||  2177
   Form: Death             |       |       |       |       |       |       |       |       |     2 ||     2
                           |       |       |       |       |       |       |       |       |     1 ||     1

Table legend: (Time is in decaauts)
 A = Elapsed time spent in this place.
 B = Non-inter-level travel time spent in this place.
 C = Inter-level travel time spent in this place.
 D = Time resting spent in this place.
 E = Time spent auto-exploring this place.
 F = Levels seen in this place.
 G = Mean time per level.
                   A        B        C        D        E       F      G
               +--------+--------+--------+--------+--------+-----+--------+
         Total | 128076 | 119469 |   8607 |  37848 |  47195 |  76 | 1685.2 |
       Dungeon |  22504 |  19238 |   3266 |   4375 |  10298 |  15 | 1500.3 |
        Temple |     66 |     43 |     23 |      0 |      0 |   1 |   66.0 |
          Lair |   8618 |   7643 |    975 |   1586 |   4209 |   5 | 1723.6 |
         Swamp |   5330 |   5061 |    269 |   1918 |   2180 |   4 | 1332.5 |
   Spider Nest |  11333 |  11004 |    329 |   4966 |   3090 |   4 | 2833.2 |
    Slime Pits |   4859 |   4599 |    260 |   1503 |   1955 |   5 |  971.8 |
  Orcish Mines |   3270 |   2856 |    414 |    830 |   1200 |   2 | 1635.0 |
   Elven Halls |   6474 |   6247 |    227 |   1238 |   2734 |   3 | 2158.0 |
        Vaults |  16907 |  15738 |   1169 |   5487 |   6099 |   5 | 3381.4 |
         Crypt |   3094 |   3016 |     78 |      0 |   1941 |   3 | 1031.3 |
          Tomb |   1214 |   1127 |     87 |     72 |    638 |   2 |  607.0 |
        Depths |  13746 |  12458 |   1288 |   6511 |   3229 |   4 | 3436.5 |
          Hell |    969 |    938 |     31 |      6 |    506 |   1 |  969.0 |
           Zot |   8487 |   8301 |    186 |   3372 |   2820 |   4 | 2121.8 |
         Abyss |   5379 |   5379 |      0 |   1479 |   1509 |   7 |  768.4 |
   Pandemonium |  12782 |  12782 |      0 |   2910 |   4220 |   7 | 1826.0 |
        Bailey |    435 |    435 |      0 |    103 |    204 |   1 |  435.0 |
      Ice Cave |   1663 |   1663 |      0 |   1055 |    288 |   1 | 1663.0 |
    Desolation |     19 |     19 |      0 |      0 |      0 |   1 |   19.0 |
      Gauntlet |    919 |    919 |      0 |    431 |     72 |   1 |  919.0 |
               +--------+--------+--------+--------+--------+-----+--------+

Top non-repeatable levels by time:
Vaults:4: 4913 daAuts
Depths:2: 4726 daAuts
Depths:4: 3638 daAuts
    D:13: 3536 daAuts
 Abyss:1: 3388 daAuts
Spider:3: 3335 daAuts
Vaults:5: 3169 daAuts
Vaults:1: 3060 daAuts
Vaults:2: 3031 daAuts
Depths:3: 2871 daAuts
Spider:1: 2742 daAuts
Spider:4: 2741 daAuts
Vaults:3: 2732 daAuts
   Elf:3: 2547 daAuts
Spider:2: 2514 daAuts
